Workbook

Sheet RESUMO
A1: L
A2: UNIVERSIDADE ESTADUAL DO NORTE DO PARANÁ PRÓ-REITORIA DE PLANEJAMENTO E AVALIAÇÃO INSTITUCIONAL SECRETARIA DE OBRAS
B11: IDENTIFICAÇÃO DA OBRA: | C11: BLOCO ADMINISTRATIVO DO CCSEN
B13: LOCAL:
B15: ENDEREÇO:
B17: DATA DO ORÇAMENTO:
B19: REFERENCIAL DE PREÇO:
B21: RESPONSÁVEL TÉCNICO:
B22: CREA
B24: ART DO PROJETO / ORÇAMENTO:
B26: RESPONSÁVEL TÉCNICO:
B27: CAU
B29: ART DO PROJETO / ORÇAMENTO:
B31: CUSTO DIRETO: | C31: =ORÇAMENTO!M6 -> 0
B33: MATERIAL | C33: =ORÇAMENTO!N5 -> #REF! | D33: =C33/C31 -> #REF!
B34: MÃO DE OBRA | C34: =ORÇAMENTO!O5 -> #REF! | D34: =C34/C31 -> #REF!
B36: BDI: | C36: =ORÇAMENTO!M4 -> 0.2354
B37: BDI DIF: | C37: =ORÇAMENTO!M5 -> 0.1635
B39: VALOR DO PROJETO: | C39: =ORÇAMENTO!M7 -> 0
B41: REFERÊNCIA DE PREÇOS: | C41: =ORÇAMENTO!C8 -> 0

Sheet ORÇAMENTO
N2: RECURSO
C3: UNIVERSIDADE ESTADUAL DO NORTE DO PARANÁ | N3: 1934513 | O3: =N3-M7 -> 1934513
C4: CNPJ: 08.885.100/0001-54 | L4: BDI | M4: =BDI!F28 -> 0.2354 | N4: MATERIAL | O4: MÃO DE OBRA
C5: OBRA : BLOCO ADMINISTRATIVO DO CCSEN | L5: BDI DIF | M5: 0.1635 | N5: =#REF! -> #REF! | O5: =#REF! -> #REF!
C6: Local: Campus de Cornélio Procópio - CCP | L6: Total s/BDI | M6: =V12 -> 0
C7: Data do orçamento:SETEMBRO/2026 | L7: Total c/BDI | M7: =SUM(N14:N445) -> 0
D9: INSERIR DADOS DA EMPRESA
A11: ITEM | B11: RESUMO | C11: CÓDIGO | D11: DESCRIÇÃO DOS SERVIÇOS | E11: UN | F11: QTD | G11: UNITÁRIO (SEM BDI) | J11: TOTAL (Valores sem BDI) | M11: VALOR TOTAL C/ BDI | U11: VALOR TOTAL C/ BDI | V11: TOTAL S/BDI
G12: MATERIAL + EQ | H12: MÃO DE OBRA | I12: TOTAL | J12: MATERIAL | K12: MÃO DE OBRA | L12: TOTAL | U12: =SUM(U13:U448) -> 0 | V12: =SUM(V13:V448) -> 0 | X12: CONFERENCIA DE FÓRMULA
T13: =IF(A13="", "", IF(LEN(A13)-LEN(SUBSTITUTE(A13, ".", "")) = 0, "ETAPA_PRINCIPAL", IF(LEN(A13)-LEN(SUBSTITUTE(A13, ".", "")) = 1, "SUBETAPA", "ITEM_OBRA")))
A14: 1 | B14: ADMINISTRAÇÃO DA OBRA | J14: =SUM(J15) -> 0 | K14: =SUM(K15) -> 0 | L14: =SUM(L15) -> 0 | M14: =SUM(M15:M16) -> 0 | N14: =M14 -> 0 | T14: =IF(A14="", "", IF(LEN(A14)-LEN(SUBSTITUTE(A14, ".", "")) = 0, "ETAPA_PRINCIPAL", IF(LEN(A14)-LEN(SUBSTITUTE(A14, ".", "")) = 1, "SUBETAPA", "ITEM_OBRA"))) -> ETAPA_PRINCIPAL | U14: =IF(T14="ETAPA_PRINCIPAL",M14,0) -> 0 | V14: =IF($T14="ETAPA_PRINCIPAL",$L14,0) -> 0
A15: 1.1 | B15: ACOMPANHAMENTO TÉCNICO | C15: 90778 | D15: ENGENHEIRO CIVIL DE OBRA PLENO COM ENCARGOS COMPLEMENTARES | E15: H | F15: 360 | I15: =G15+H15 -> 0 | J15: =G15*F15 -> 0 | K15: =H15*F15 -> 0 | L15: =J15+K15 -> 0 | M15: =L15*(1+$M$4) -> 0 | T15: =IF(A15="", "", IF(LEN(A15)-LEN(SUBSTITUTE(A15, ".", "")) = 0, "ETAPA_PRINCIPAL", IF(LEN(A15)-LEN(SUBSTITUTE(A15, ".", "")) = 1, "SUBETAPA", "ITEM_OBRA"))) -> SUBETAPA | U15: =IF(T15="ETAPA_PRINCIPAL",M15,0) -> 0 | V15: =IF($T15="ETAPA_PRINCIPAL",$L15,0) -> 0
A16: 1.2 | B16: ACOMPANHAMENTO TÉCNICO | C16: 93572 | D16: ENCARREGADO GERAL DE OBRAS COM ENCARGOS COMPLEMENTARES | E16: MÊS | F16: 9 | I16: =G16+H16 -> 0 | J16: =G16*F16 -> 0 | K16: =H16*F16 -> 0 | L16: =J16+K16 -> 0 | M16: =L16*(1+$M$4) -> 0
T17: =IF(A17="", "", IF(LEN(A17)-LEN(SUBSTITUTE(A17, ".", "")) = 0, "ETAPA_PRINCIPAL", IF(LEN(A17)-LEN(SUBSTITUTE(A17, ".", "")) = 1, "SUBETAPA", "ITEM_OBRA"))) | U17: =IF(T17="ETAPA_PRINCIPAL",M17,0) -> 0 | V17: =IF($T17="ETAPA_PRINCIPAL",$L17,0) -> 0
A18: 2 | B18: CANTEIRO DE OBRAS | J18: =SUM(J19:J28) -> 0 | K18: =SUM(K19:K28) -> 0 | L18: =SUM(L19:L28) -> 0 | M18: =SUM(M19:M28) -> 0 | N18: =M18 -> 0 | T18: =IF(A18="", "", IF(LEN(A18)-LEN(SUBSTITUTE(A18, ".", "")) = 0, "ETAPA_PRINCIPAL", IF(LEN(A18)-LEN(SUBSTITUTE(A18, ".", "")) = 1, "SUBETAPA", "ITEM_OBRA"))) -> ETAPA_PRINCIPAL | U18: =IF(T18="ETAPA_PRINCIPAL",M18,0) -> 0 | V18: =IF($T18="ETAPA_PRINCIPAL",$L18,0) -> 0
A19: 2.1 | B19: PLACA DE OBRA - 3,5Mx1,5M | C19: 103689 | D19: FORNECIMENTO E INSTALAÇÃO DE PLACA DE OBRA COM CHAPA GALVANIZADA E ESTRUTURA DE MADEIRA. AF_03/2022_PS | E19: M2 | F19: 5.25 | I19: =G19+H19 -> 0 | J19: =G19*F19 -> 0 | K19: =H19*F19 -> 0 | L19: =J19+K19 -> 0 | M19: =L19*(1+$M$4) -> 0 | T19: =IF(A19="", "", IF(LEN(A19)-LEN(SUBSTITUTE(A19, ".", "")) = 0, "ETAPA_PRINCIPAL", IF(LEN(A19)-LEN(SUBSTITUTE(A19, ".", "")) = 1, "SUBETAPA", "ITEM_OBRA"))) -> SUBETAPA | U19: =IF(T19="ETAPA_PRINCIPAL",M19,0) -> 0 | V19: =IF($T19="ETAPA_PRINCIPAL",$L19,0) -> 0
A20: 2.2 | B20: ENTRADA PROVISÓRIA | C20: 101510 | D20: ENTRADA DE ENERGIA ELÉTRICA, AÉREA, TRIFÁSICA, COM CAIXA DE EMBUTIR, CABO DE 16 MM2 E DISJUNTOR DIN 50A (NÃO INCLUSO O POSTE DE CONCRETO). AF_12/2025 | E20: UN | F20: 1 | I20: =G20+H20 -> 0 | J20: =G20*F20 -> 0 | K20: =H20*F20 -> 0 | L20: =J20+K20 -> 0 | M20: =L20*(1+$M$4) -> 0 | T20: =IF(A20="", "", IF(LEN(A20)-LEN(SUBSTITUTE(A20, ".", "")) = 0, "ETAPA_PRINCIPAL", IF(LEN(A20)-LEN(SUBSTITUTE(A20, ".", "")) = 1, "SUBETAPA", "ITEM_OBRA"))) -> SUBETAPA | U20: =IF(T20="ETAPA_PRINCIPAL",M20,0) -> 0 | V20: =IF($T20="ETAPA_PRINCIPAL",$L20,0) -> 0
A21: 2.3 | B21: POSTE PROVISÓRIO | C21: 41196 / SP | D21: POSTE DE CONCRETO ARMADO DE SECAO DUPLO T, EXTENSAO DE 9,00 M, RESISTENCIA DE 150 DAN, TIPO D | E21: UN | F21: 1 | I21: =G21+H21 -> 0 | J21: =G21*F21 -> 0 | K21: =H21*F21 -> 0 | L21: =J21+K21 -> 0 | M21: =L21*(1+$M$4) -> 0 | T21: =IF(A21="", "", IF(LEN(A21)-LEN(SUBSTITUTE(A21, ".", "")) = 0, "ETAPA_PRINCIPAL", IF(LEN(A21)-LEN(SUBSTITUTE(A21, ".", "")) = 1, "SUBETAPA", "ITEM_OBRA"))) -> SUBETAPA | U21: =IF(T21="ETAPA_PRINCIPAL",M21,0) -> 0 | V21: =IF($T21="ETAPA_PRINCIPAL",$L21,0) -> 0
A22: 2.4 | B22: CABO PROVISÓRIO | C22: 04621 ORSE | D22: CABO DE ALUMINIO 0,6/1KV MULTIPLEXADOS 2X1X16 + 16MM² | E22: M | F22: 45 | I22: =G22+H22 -> 0 | J22: =G22*F22 -> 0 | K22: =H22*F22 -> 0 | L22: =J22+K22 -> 0 | M22: =L22*(1+$M$4) -> 0 | T22: =IF(A22="", "", IF(LEN(A22)-LEN(SUBSTITUTE(A22, ".", "")) = 0, "ETAPA_PRINCIPAL", IF(LEN(A22)-LEN(SUBSTITUTE(A22, ".", "")) = 1, "SUBETAPA", "ITEM_OBRA"))) -> SUBETAPA | U22: =IF(T22="ETAPA_PRINCIPAL",M22,0) -> 0 | V22: =IF($T22="ETAPA_PRINCIPAL",$L22,0) -> 0
A23: 2.5 | B23: POSTE PROVISÓRIO | C23: 100578 | D23: ASSENTAMENTO DE POSTE DE CONCRETO COM COMPRIMENTO NOMINAL DE 9 M, CARGA NOMINAL MENOR OU IGUAL A 1000 DAN, ENGASTAMENTO SIMPLES COM 1,5 M DE SOLO (NÃO INCLUI FORNECIMENTO). AF_04/2025 | E23: UN | F23: 1 | I23: =G23+H23 -> 0 | J23: =G23*F23 -> 0 | K23: =H23*F23 -> 0 | L23: =J23+K23 -> 0 | M23: =L23*(1+$M$4) -> 0 | T23: =IF(A23="", "", IF(LEN(A23)-LEN(SUBSTITUTE(A23, ".", "")) = 0, "ETAPA_PRINCIPAL", IF(LEN(A23)-LEN(SUBSTITUTE(A23, ".", "")) = 1, "SUBETAPA", "ITEM_OBRA"))) -> SUBETAPA | U23: =IF(T23="ETAPA_PRINCIPAL",M23,0) -> 0 | V23: =IF($T23="ETAPA_PRINCIPAL",$L23,0) -> 0
A24: 2.6 | B24: CONTÊINER | C24: 105115 | D24: INSTALAÇÃO E DESINSTALAÇÃO MECANIZADA DE CONTÊINER OU MÓDULO HABITÁVEL DE USOS DIVERSOS. AF_03/2024 | E24: UN | F24: 1 | I24: =G24+H24 -> 0 | J24: =G24*F24 -> 0 | K24: =H24*F24 -> 0 | L24: =J24+K24 -> 0 | M24: =L24*(1+$M$4) -> 0 | T24: =IF(A24="", "", IF(LEN(A24)-LEN(SUBSTITUTE(A24, ".", "")) = 0, "ETAPA_PRINCIPAL", IF(LEN(A24)-LEN(SUBSTITUTE(A24, ".", "")) = 1, "SUBETAPA", "ITEM_OBRA"))) -> SUBETAPA | U24: =IF(T24="ETAPA_PRINCIPAL",M24,0) -> 0 | V24: =IF($T24="ETAPA_PRINCIPAL",$L24,0) -> 0
A25: 2.7 | B25: CONTÊINER | C25: 10776 | D25: LOCACAO DE CONTAINER 2,30 X 6,00 M, ALT. 2,50 M, PARA ESCRITORIO, SEM DIVISORIAS INTERNAS E SEM SANITARIO (NAO INCLUI MOBILIZACAO/DESMOBILIZACAO) | E25: MÊS | F25: 8 | I25: =G25+H25 -> 0 | J25: =G25*F25 -> 0 | K25: =H25*F25 -> 0 | L25: =J25+K25 -> 0 | M25: =L25*(1+$M$5) -> 0 | T25: =IF(A25="", "", IF(LEN(A25)-LEN(SUBSTITUTE(A25, ".", "")) = 0, "ETAPA_PRINCIPAL", IF(LEN(A25)-LEN(SUBSTITUTE(A25, ".", "")) = 1, "SUBETAPA", "ITEM_OBRA"))) -> SUBETAPA | U25: =IF(T25="ETAPA_PRINCIPAL",M25,0) -> 0 | V25: =IF($T25="ETAPA_PRINCIPAL",$L25,0) -> 0
A26: 2.8 | B26: ENTRADA DE ÁGUA | C26: 89402 | D26: TUBO, PVC, SOLDÁVEL, DE 25MM, INSTALADO EM RAMAL DE DISTRIBUIÇÃO DE ÁGUA - FORNECIMENTO E INSTALAÇÃO. AF_06/2022 | E26: M | F26: 45 | I26: =G26+H26 -> 0 | J26: =G26*F26 -> 0 | K26: =H26*F26 -> 0 | L26: =J26+K26 -> 0 | M26: =L26*(1+$M$4) -> 0 | T26: =IF(A26="", "", IF(LEN(A26)-LEN(SUBSTITUTE(A26, ".", "")) = 0, "ETAPA_PRINCIPAL", IF(LEN(A26)-LEN(SUBSTITUTE(A26, ".", "")) = 1, "SUBETAPA", "ITEM_OBRA"))) -> SUBETAPA | U26: =IF(T26="ETAPA_PRINCIPAL",M26,0) -> 0 | V26: =IF($T26="ETAPA_PRINCIPAL",$L26,0) -> 0
A27: 2.9 | B27: ENTRADA DE ÁGUA | C27: 01199/ORSE | D27: PONTO DE ÁGUA FRIA APARENTE, C/MATERIAL PVC RÍGIDO SOLDÁVEL Ø 25MM | E27: UN | F27: 1 | I27: =G27+H27 -> 0 | J27: =G27*F27 -> 0 | K27: =H27*F27 -> 0 | L27: =J27+K27 -> 0 | M27: =L27*(1+$M$4) -> 0 | T27: =IF(A27="", "", IF(LEN(A27)-LEN(SUBSTITUTE(A27, ".", "")) = 0, "ETAPA_PRINCIPAL", IF(LEN(A27)-LEN(SUBSTITUTE(A27, ".", "")) = 1, "SUBETAPA", "ITEM_OBRA"))) -> SUBETAPA | U27: =IF(T27="ETAPA_PRINCIPAL",M27,0) -> 0 | V27: =IF($T27="ETAPA_PRINCIPAL",$L27,0) -> 0
A28: 2.10 | B28: TAPUME | C28: 98459 | D28: TAPUME COM TELHA METÁLICA. AF_03/2024 | E28: M2 | F28: 130 | I28: =G28+H28 -> 0 | J28: =G28*F28 -> 0 | K28: =H28*F28 -> 0 | L28: =J28+K28 -> 0 | M28: =L28*(1+$M$4) -> 0 | T28: =IF(A28="", "", IF(LEN(A28)-LEN(SUBSTITUTE(A28, ".", "")) = 0, "ETAPA_PRINCIPAL", IF(LEN(A28)-LEN(SUBSTITUTE(A28, ".", "")) = 1, "SUBETAPA", "ITEM_OBRA"))) -> SUBETAPA | U28: =IF(T28="ETAPA_PRINCIPAL",M28,0) -> 0 | V28: =IF($T28="ETAPA_PRINCIPAL",$L28,0) -> 0
T29: =IF(A29="", "", IF(LEN(A29)-LEN(SUBSTITUTE(A29, ".", "")) = 0, "ETAPA_PRINCIPAL", IF(LEN(A29)-LEN(SUBSTITUTE(A29, ".", "")) = 1, "SUBETAPA", "ITEM_OBRA"))) | U29: =IF(T29="ETAPA_PRINCIPAL",M29,0) -> 0 | V29: =IF($T29="ETAPA_PRINCIPAL",$L29,0) -> 0
A30: 3 | B30: SERVIÇOS PRELIMINARES E TERRAPLENAGEM | J30: =SUM(J31:J39) -> 0 | K30: =SUM(K31:K39) -> 0 | L30: =SUM(L31:L39) -> 0 | M30: =SUM(M31:M39) -> 0 | N30: =M30 -> 0 | T30: =IF(A30="", "", IF(LEN(A30)-LEN(SUBSTITUTE(A30, ".", "")) = 0, "ETAPA_PRINCIPAL", IF(LEN(A30)-LEN(SUBSTITUTE(A30, ".", "")) = 1, "SUBETAPA", "ITEM_OBRA"))) -> ETAPA_PRINCIPAL | U30: =IF(T30="ETAPA_PRINCIPAL",M30,0) -> 0 | V30: =IF($T30="ETAPA_PRINCIPAL",$L30,0) -> 0
A31: 3.1 | B31: LIMPEZA VEGETAL - IMPLANTAÇÃO + 6M ARREDORES | C31: 98525 | D31: LIMPEZA MECANIZADA DE CAMADA VEGETAL, VEGETAÇÃO E PEQUENAS ÁRVORES (DIÂMETRO DE TRONCO MENOR QUE 0,20 M), COM TRATOR DE ESTEIRAS. AF_03/2024 | E31: M2 | F31: 842 | I31: =G31+H31 -> 0 | J31: =G31*F31 -> 0 | K31: =H31*F31 -> 0 | L31: =J31+K31 -> 0 | M31: =L31*(1+$M$4) -> 0 | T31: =IF(A31="", "", IF(LEN(A31)-LEN(SUBSTITUTE(A31, ".", "")) = 0, "ETAPA_PRINCIPAL", IF(LEN(A31)-LEN(SUBSTITUTE(A31, ".", "")) = 1, "SUBETAPA", "ITEM_OBRA"))) -> SUBETAPA | U31: =IF(T31="ETAPA_PRINCIPAL",M31,0) -> 0 | V31: =IF($T31="ETAPA_PRINCIPAL",$L31,0) -> 0
A32: 3.2 | B32: VOLUME DE REATERRO - PLATÔ DA OBRA + TALUDE LATERAL | C32: 93369 | D32: REATERRO MECANIZADO DE VALA COM ESCAVADEIRA HIDRÁULICA (CAPACIDADE DA CAÇAMBA: 0,8 M³/POTÊNCIA: 111 HP), LARGURA 1,5 A 2,5 M, PROFUNDIDADE 1,5 A 3,0 M, COM SOLO (SEM SUBSTITUIÇÃO) DE 1ª CATEGORIA, COM COMPACTADOR DE SOLOS DE PERCUSSÃO. AF_08/2023 | E32: M3 | F32: =393.73*1/2+(88.4*1*1/2) -> 241.065 | I32: =G32+H32 -> 0 | J32: =G32*F32 -> 0 | K32: =H32*F32 -> 0 | L32: =J32+K32 -> 0 | M32: =L32*(1+$M$4) -> 0 | T32: =IF(A32="", "", IF(LEN(A32)-LEN(SUBSTITUTE(A32, ".", "")) = 0, "ETAPA_PRINCIPAL", IF(LEN(A32)-LEN(SUBSTITUTE(A32, ".", "")) = 1, "SUBETAPA", "ITEM_OBRA"))) -> SUBETAPA | U32: =IF(T32="ETAPA_PRINCIPAL",M32,0) -> 0 | V32: =IF($T32="ETAPA_PRINCIPAL",$L32,0) -> 0
A33: 3.3 | B33: COMPACTAÇÃO DA ÁREA + ARREDORES | C33: 97084 | D33: COMPACTAÇÃO MECÂNICA DE SOLO PARA EXECUÇÃO DE RADIER, PISO DE CONCRETO OU LAJE SOBRE SOLO, COM COMPACTADOR DE SOLOS TIPO PLACA VIBRATÓRIA. AF_09/2021 | E33: M2 | F33: 470 | I33: =G33+H33 -> 0 | J33: =G33*F33 -> 0 | K33: =H33*F33 -> 0 | L33: =J33+K33 -> 0 | M33: =L33*(1+$M$4) -> 0 | T33: =IF(A33="", "", IF(LEN(A33)-LEN(SUBSTITUTE(A33, ".", "")) = 0, "ETAPA_PRINCIPAL", IF(LEN(A33)-LEN(SUBSTITUTE(A33, ".", "")) = 1, "SUBETAPA", "ITEM_OBRA"))) -> SUBETAPA | U33: =IF(T33="ETAPA_PRINCIPAL",M33,0) -> 0 | V33: =IF($T33="ETAPA_PRINCIPAL",$L33,0) -> 0
A34: 3.4 | B34: GABARITO OBRA | C34: 99059 | D34: LOCAÇÃO CONVENCIONAL DE OBRA, UTILIZANDO GABARITO DE TÁBUAS CORRIDAS PONTALETADAS A CADA 2,00M - 2 UTILIZAÇÕES. AF_03/2024 | E34: M | F34: 100.8 | I34: =G34+H34 -> 0 | J34: =G34*F34 -> 0 | K34: =H34*F34 -> 0 | L34: =J34+K34 -> 0 | M34: =L34*(1+$M$4) -> 0 | T34: =IF(A34="", "", IF(LEN(A34)-LEN(SUBSTITUTE(A34, ".", "")) = 0, "ETAPA_PRINCIPAL", IF(LEN(A34)-LEN(SUBSTITUTE(A34, ".", "")) = 1, "SUBETAPA", "ITEM_OBRA"))) -> SUBETAPA | U34: =IF(T34="ETAPA_PRINCIPAL",M34,0) -> 0 | V34: =IF($T34="ETAPA_PRINCIPAL",$L34,0) -> 0
A35: 3.5 | B35: DEMOLIÇÃO CAIXA DE ESGOTO E PLUVIAL EXISTENTE | C35: 97628 | D35: DEMOLIÇÃO DE LAJES, EM CONCRETO ARMADO, DE FORMA MANUAL, SEM REAPROVEITAMENTO. AF_09/2022 | E35: M2 | F35: 8.7 | I35: =G35+H35 -> 0 | J35: =G35*F35 -> 0 | K35: =H35*F35 -> 0 | L35: =J35+K35 -> 0 | M35: =L35*(1+$M$4) -> 0 | T35: =IF(A35="", "", IF(LEN(A35)-LEN(SUBSTITUTE(A35, ".", "")) = 0, "ETAPA_PRINCIPAL", IF(LEN(A35)-LEN(SUBSTITUTE(A35, ".", "")) = 1, "SUBETAPA", "ITEM_OBRA"))) -> SUBETAPA | U35: =IF(T35="ETAPA_PRINCIPAL",M35,0) -> 0 | V35: =IF($T35="ETAPA_PRINCIPAL",$L35,0) -> 0
A36: 3.6 | B36: DEMOLIÇÃO ESCADA (BLOCO G) | C36: 97628 | D36: DEMOLIÇÃO DE LAJES, EM CONCRETO ARMADO, DE FORMA MANUAL, SEM REAPROVEITAMENTO. AF_09/2022 | E36: M2 | F36: 15 | I36: =G36+H36 -> 0 | J36: =G36*F36 -> 0 | K36: =H36*F36 -> 0 | L36: =J36+K36 -> 0 | M36: =L36*(1+$M$4) -> 0 | T36: =IF(A36="", "", IF(LEN(A36)-LEN(SUBSTITUTE(A36, ".", "")) = 0, "ETAPA_PRINCIPAL", IF(LEN(A36)-LEN(SUBSTITUTE(A36, ".", "")) = 1, "SUBETAPA", "ITEM_OBRA"))) -> SUBETAPA | U36: =IF(T36="ETAPA_PRINCIPAL",M36,0) -> 0 | V36: =IF($T36="ETAPA_PRINCIPAL",$L36,0) -> 0
A37: 3.7 | B37: DEMOLIÇÃO CALÇADA (ACESSO DE MÁQUINAS AO CANTEIRO DE OBRAS) | C37: 97628 | D37: DEMOLIÇÃO DE LAJES, EM CONCRETO ARMADO, DE FORMA MANUAL, SEM REAPROVEITAMENTO. AF_09/2023 | E37: M3 | F37: 1.25 | I37: =G37+H37 -> 0 | J37: =G37*F37 -> 0 | K37: =H37*F37 -> 0 | L37: =J37+K37 -> 0 | M37: =L37*(1+$M$4) -> 0 | T37: =IF(A37="", "", IF(LEN(A37)-LEN(SUBSTITUTE(A37, ".", "")) = 0, "ETAPA_PRINCIPAL", IF(LEN(A37)-LEN(SUBSTITUTE(A37, ".", "")) = 1, "SUBETAPA", "ITEM_OBRA"))) -> SUBETAPA | U37: =IF(T37="ETAPA_PRINCIPAL",M37,0) -> 0 | V37: =IF($T37="ETAPA_PRINCIPAL",$L37,0) -> 0
A38: 3.8 | B38: EXECUÇÃO CALÇADA H=5CM (ACESSO MÁQ.) | C38: 94991 | D38: EXECUÇÃO DE PASSEIO (CALÇADA) OU PISO DE CONCRETO COM CONCRETO MOLDADO IN LOCO, USINADO C20, ACABAMENTO CONVENCIONAL, NÃO ARMADO. AF_08/2022 | E38: M3 | F38: 1.25 | I38: =G38+H38 -> 0 | J38: =G38*F38 -> 0 | K38: =H38*F38 -> 0 | L38: =J38+K38 -> 0 | M38: =L38*(1+$M$4) -> 0 | T38: =IF(A38="", "", IF(LEN(A38)-LEN(SUBSTITUTE(A38, ".", "")) = 0, "ETAPA_PRINCIPAL", IF(LEN(A38)-LEN(SUBSTITUTE(A38, ".", "")) = 1, "SUBETAPA", "ITEM_OBRA"))) -> SUBETAPA | U38: =IF(T38="ETAPA_PRINCIPAL",M38,0) -> 0 | V38: =IF($T38="ETAPA_PRINCIPAL",$L38,0) -> 0
A39: 3.9 | B39: PASSARELA/DESMONTAR(ACESSO MÁQ.) 8,30X3,00M | C39: 97655/ADAPT | D39: [ADAPTADO PARA REAPROVEITAMENTO] REMOÇÃO DE TRAMA METÁLICA PARA COBERTURA, DE FORMA MANUAL, SEM REAPROVEITAMENTO. AF_09/2023 | E39: M2 | F39: 38 | I39: =G39+H39 -> 0 | J39: =G39*F39 -> 0 | K39: =H39*F39 -> 0 | L39: =J39+K39 -> 0 | M39: =L39*(1+$M$4) -> 0 | T39: =IF(A39="", "", IF(LEN(A39)-LEN(SUBSTITUTE(A39, ".", "")) = 0, "ETAPA_PRINCIPAL", IF(LEN(A39)-LEN(SUBSTITUTE(A39, ".", "")) = 1, "SUBETAPA", "ITEM_OBRA"))) -> SUBETAPA | U39: =IF(T39="ETAPA_PRINCIPAL",M39,0) -> 0 | V39: =IF($T39="ETAPA_PRINCIPAL",$L39,0) -> 0
T40: =IF(A40="", "", IF(LEN(A40)-LEN(SUBSTITUTE(A40, ".", "")) = 0, "ETAPA_PRINCIPAL", IF(LEN(A40)-LEN(SUBSTITUTE(A40, ".", "")) = 1, "SUBETAPA", "ITEM_OBRA"))) | U40: =IF(T40="ETAPA_PRINCIPAL",M40,0) -> 0 | V40: =IF($T40="ETAPA_PRINCIPAL",$L40,0) -> 0
A41: 4 | B41: FUNDAÇÃO E INFRAESTRUTURA | J41: =SUM(J42:J71) -> 0 | K41: =SUM(K42:K71) -> 0 | L41: =SUM(L42:L71) -> 0 | M41: =SUM(M42:M71) -> 0 | N41: =M41 -> 0 | T41: =IF(A41="", "", IF(LEN(A41)-LEN(SUBSTITUTE(A41, ".", "")) = 0, "ETAPA_PRINCIPAL", IF(LEN(A41)-LEN(SUBSTITUTE(A41, ".", "")) = 1, "SUBETAPA", "ITEM_OBRA"))) -> ETAPA_PRINCIPAL | U41: =IF(T41="ETAPA_PRINCIPAL",M41,0) -> 0 | V41: =IF($T41="ETAPA_PRINCIPAL",$L41,0) -> 0
A42: 4.1 | B42: SAPATA ISOLADA | T42: =IF(A42="", "", IF(LEN(A42)-LEN(SUBSTITUTE(A42, ".", "")) = 0, "ETAPA_PRINCIPAL", IF(LEN(A42)-LEN(SUBSTITUTE(A42, ".", "")) = 1, "SUBETAPA", "ITEM_OBRA"))) -> SUBETAPA | U42: =IF(T42="ETAPA_PRINCIPAL",M42,0) -> 0 | V42: =IF($T42="ETAPA_PRINCIPAL",$L42,0) -> 0
A43: 4.1.1 | B43: ESCAVAÇÃO DA SAPATA | C43: 93358 | D43: ESCAVAÇÃO MANUAL DE VALA. AF_09/2024 | E43: M3 | F43: =12.7*1.4 -> 17.78 | I43: =G43+H43 -> 0 | J43: =G43*F43 -> 0 | K43: =H43*F43 -> 0 | L43: =J43+K43 -> 0 | M43: =L43*(1+$M$4) -> 0 | T43: =IF(A43="", "", IF(LEN(A43)-LEN(SUBSTITUTE(A43, ".", "")) = 0, "ETAPA_PRINCIPAL", IF(LEN(A43)-LEN(SUBSTITUTE(A43, ".", "")) = 1, "SUBETAPA", "ITEM_OBRA"))) -> ITEM_OBRA | U43: =IF(T43="ETAPA_PRINCIPAL",M43,0) -> 0 | V43: =IF($T43="ETAPA_PRINCIPAL",$L43,0) -> 0
A44: 4.1.2 | B44: REATERRO SAPATA | C44: 93382 | D44: REATERRO MANUAL DE VALAS, COM COMPACTADOR DE SOLOS DE PERCUSSÃO. AF_08/2023 | E44: M3 | F44: =F43 -> 17.78 | I44: =G44+H44 -> 0 | J44: =G44*F44 -> 0 | K44: =H44*F44 -> 0 | L44: =J44+K44 -> 0 | M44: =L44*(1+$M$4) -> 0 | T44: =IF(A44="", "", IF(LEN(A44)-LEN(SUBSTITUTE(A44, ".", "")) = 0, "ETAPA_PRINCIPAL", IF(LEN(A44)-LEN(SUBSTITUTE(A44, ".", "")) = 1, "SUBETAPA", "ITEM_OBRA"))) -> ITEM_OBRA | U44: =IF(T44="ETAPA_PRINCIPAL",M44,0) -> 0 | V44: =IF($T44="ETAPA_PRINCIPAL",$L44,0) -> 0
A45: 4.1.3 | B45: SAPATA- FÔRMAS | C45: 96535 | D45: FABRICAÇÃO, MONTAGEM E DESMONTAGEM DE FÔRMA PARA SAPATA, EM MADEIRA SERRADA, E=25 MM, 4 UTILIZAÇÕES. AF_01/2024 | E45: M2 | F45: 66.2 | I45: =G45+H45 -> 0 | J45: =G45*F45 -> 0 | K45: =H45*F45 -> 0 | L45: =J45+K45 -> 0 | M45: =L45*(1+$M$4) -> 0 | T45: =IF(A45="", "", IF(LEN(A45)-LEN(SUBSTITUTE(A45, ".", "")) = 0, "ETAPA_PRINCIPAL", IF(LEN(A45)-LEN(SUBSTITUTE(A45, ".", "")) = 1, "SUBETAPA", "ITEM_OBRA"))) -> ITEM_OBRA | U45: =IF(T45="ETAPA_PRINCIPAL",M45,0) -> 0 | V45: =IF($T45="ETAPA_PRINCIPAL",$L45,0) -> 0
A46: 4.1.4 | B46: SAPATA (LASTRO CONCRETO MAGRO 3CM) | C46: 94962 | D46: CONCRETO MAGRO PARA LASTRO, TRAÇO 1:4,5:4,5 (EM MASSA SECA DE CIMENTO/ AREIA MÉDIA/ BRITA 1) - PREPARO MECÂNICO COM BETONEIRA 400 L. AF_05/2021 | E46: M3 | F46: =12.7/0.4*0.03 -> 0.9525 | I46: =G46+H46 -> 0 | J46: =G46*F46 -> 0 | K46: =H46*F46 -> 0 | L46: =J46+K46 -> 0 | M46: =L46*(1+$M$4) -> 0 | T46: =IF(A46="", "", IF(LEN(A46)-LEN(SUBSTITUTE(A46, ".", "")) = 0, "ETAPA_PRINCIPAL", IF(LEN(A46)-LEN(SUBSTITUTE(A46, ".", "")) = 1, "SUBETAPA", "ITEM_OBRA"))) -> ITEM_OBRA | U46: =IF(T46="ETAPA_PRINCIPAL",M46,0) -> 0 | V46: =IF($T46="ETAPA_PRINCIPAL",$L46,0) -> 0
A47: 4.1.5 | B47: SAPATA - ARMAÇÃO | C47: 104916 | D47: ARMAÇÃO DE SAPATA ISOLADA, VIGA BALDRAME E SAPATA CORRIDA UTILIZANDO AÇO CA-60 DE 5 MM - MONTAGEM. AF_01/2024 | E47: KG | F47: 22.7 | I47: =G47+H47 -> 0 | J47: =G47*F47 -> 0 | K47: =H47*F47 -> 0 | L47: =J47+K47 -> 0 | M47: =L47*(1+$M$4) -> 0 | T47: =IF(A47="", "", IF(LEN(A47)-LEN(SUBSTITUTE(A47, ".", "")) = 0, "ETAPA_PRINCIPAL", IF(LEN(A47)-LEN(SUBSTITUTE(A47, ".", "")) = 1, "SUBETAPA", "ITEM_OBRA"))) -> ITEM_OBRA | U47: =IF(T47="ETAPA_PRINCIPAL",M47,0) -> 0 | V47: =IF($T47="ETAPA_PRINCIPAL",$L47,0) -> 0
A48: 4.1.6 | B48: SAPATA - ARMAÇÃO | C48: 104918 | D48: ARMAÇÃO DE SAPATA ISOLADA, VIGA BALDRAME E SAPATA CORRIDA UTILIZANDO AÇO CA-50 DE 8 MM - MONTAGEM. AF_01/2024 | E48: KG | F48: =536.2+114 -> 650.2 | I48: =G48+H48 -> 0 | J48: =G48*F48 -> 0 | K48: =H48*F48 -> 0 | L48: =J48+K48 -> 0 | M48: =L48*(1+$M$4) -> 0 | T48: =IF(A48="", "", IF(LEN(A48)-LEN(SUBSTITUTE(A48, ".", "")) = 0, "ETAPA_PRINCIPAL", IF(LEN(A48)-LEN(SUBSTITUTE(A48, ".", "")) = 1, "SUBETAPA", "ITEM_OBRA"))) -> ITEM_OBRA | U48: =IF(T48="ETAPA_PRINCIPAL",M48,0) -> 0 | V48: =IF($T48="ETAPA_PRINCIPAL",$L48,0) -> 0
A49: 4.1.7 | B49: SAPATA - ARMAÇÃO | C49: 96546 | D49: ARMAÇÃO DE BLOCO UTILIZANDO AÇO CA-50 DE 10 MM - MONTAGEM. AF_01/2024 | E49: KG | F49: =122.5+17 -> 139.5 | I49: =G49+H49 -> 0 | J49: =G49*F49 -> 0 | K49: =H49*F49 -> 0 | L49: =J49+K49 -> 0 | M49: =L49*(1+$M$4) -> 0 | T49: =IF(A49="", "", IF(LEN(A49)-LEN(SUBSTITUTE(A49, ".", "")) = 0, "ETAPA_PRINCIPAL", IF(LEN(A49)-LEN(SUBSTITUTE(A49, ".", "")) = 1, "SUBETAPA", "ITEM_OBRA"))) -> ITEM_OBRA | U49: =IF(T49="ETAPA_PRINCIPAL",M49,0) -> 0 | V49: =IF($T49="ETAPA_PRINCIPAL",$L49,0) -> 0
A50: 4.1.8 | B50: SAPATA - CONCRETAGEM | C50: 96557 | D50: CONCRETAGEM DE BLOCO DE COROAMENTO OU VIGA BALDRAME, FCK 30 MPA, COM USO DE BOMBA - LANÇAMENTO, ADENSAMENTO E ACABAMENTO. AF_01/2024 | E50: M3 | F50: 12.7 | I50: =G50+H50 -> 0 | J50: =G50*F50 -> 0 | K50: =H50*F50 -> 0 | L50: =J50+K50 -> 0 | M50: =L50*(1+$M$4) -> 0 | T50: =IF(A50="", "", IF(LEN(A50)-LEN(SUBSTITUTE(A50, ".", "")) = 0, "ETAPA_PRINCIPAL", IF(LEN(A50)-LEN(SUBSTITUTE(A50, ".", "")) = 1, "SUBETAPA", "ITEM_OBRA"))) -> ITEM_OBRA | U50: =IF(T50="ETAPA_PRINCIPAL",M50,0) -> 0 | V50: =IF($T50="ETAPA_PRINCIPAL",$L50,0) -> 0
A51: 4.1.9 | B51: IMPERMEABILIZAÇÃO (SAPATA) | C51: 98557 | D51: IMPERMEABILIZAÇÃO DE SUPERFÍCIE COM EMULSÃO ASFÁLTICA, 2 DEMÃOS. AF_09/2023 | E51: M2 | F51: 66.2 | I51: =G51+H51 -> 0 | J51: =G51*F51 -> 0 | K51: =H51*F51 -> 0 | L51: =J51+K51 -> 0 | M51: =L51*(1+$M$4) -> 0 | T51: =IF(A51="", "", IF(LEN(A51)-LEN(SUBSTITUTE(A51, ".", "")) = 0, "ETAPA_PRINCIPAL", IF(LEN(A51)-LEN(SUBSTITUTE(A51, ".", "")) = 1, "SUBETAPA", "ITEM_OBRA"))) -> ITEM_OBRA | U51: =IF(T51="ETAPA_PRINCIPAL",M51,0) -> 0 | V51: =IF($T51="ETAPA_PRINCIPAL",$L51,0) -> 0
T52: =IF(A52="", "", IF(LEN(A52)-LEN(SUBSTITUTE(A52, ".", "")) = 0, "ETAPA_PRINCIPAL", IF(LEN(A52)-LEN(SUBSTITUTE(A52, ".", "")) = 1, "SUBETAPA", "ITEM_OBRA"))) | U52: =IF(T52="ETAPA_PRINCIPAL",M52,0) -> 0 | V52: =IF($T52="ETAPA_PRINCIPAL",$L52,0) -> 0
A53: 4.2 | B53: PILARES DE FUNDAÇÃO ATÉ A BALDRAME | T53: =IF(A53="", "", IF(LEN(A53)-LEN(SUBSTITUTE(A53, ".", "")) = 0, "ETAPA_PRINCIPAL", IF(LEN(A53)-LEN(SUBSTITUTE(A53, ".", "")) = 1, "SUBETAPA", "ITEM_OBRA"))) -> SUBETAPA | U53: =IF(T53="ETAPA_PRINCIPAL",M53,0) -> 0 | V53: =IF($T53="ETAPA_PRINCIPAL",$L53,0) -> 0
A54: 4.2.1 | B54: FÔRMAS - PILARES | C54: 92419 | D54: MONTAGEM E DESMONTAGEM DE FÔRMA DE PILARES RETANGULARES E ESTRUTURAS SIMILARES, PÉ-DIREITO SIMPLES, EM CHAPA DE MADEIRA COMPENSADA RESINADA, 4 UTILIZAÇÕES. AF_09/2020 | E54: M2 | F54: 21.2 | I54: =G54+H54 -> 0 | J54: =G54*F54 -> 0 | K54: =H54*F54 -> 0 | L54: =J54+K54 -> 0 | M54: =L54*(1+$M$4) -> 0 | T54: =IF(A54="", "", IF(LEN(A54)-LEN(SUBSTITUTE(A54, ".", "")) = 0, "ETAPA_PRINCIPAL", IF(LEN(A54)-LEN(SUBSTITUTE(A54, ".", "")) = 1, "SUBETAPA", "ITEM_OBRA"))) -> ITEM_OBRA | U54: =IF(T54="ETAPA_PRINCIPAL",M54,0) -> 0 | V54: =IF($T54="ETAPA_PRINCIPAL",$L54,0) -> 0
A55: 4.2.2 | B55: ARMADURAS - PILARES - 12,5MM | C55: 92763 | D55: ARMAÇÃO DE PILAR OU VIGA DE ESTRUTURA CONVENCIONAL DE CONCRETO ARMADO UTILIZANDO AÇO CA-50 DE 12,5 MM - MONTAGEM. AF_06/2022 | E55: KG | F55: 27.6 | I55: =G55+H55 -> 0 | J55: =G55*F55 -> 0 | K55: =H55*F55 -> 0 | L55: =J55+K55 -> 0 | M55: =L55*(1+$M$4) -> 0 | T55: =IF(A55="", "", IF(LEN(A55)-LEN(SUBSTITUTE(A55, ".", "")) = 0, "ETAPA_PRINCIPAL", IF(LEN(A55)-LEN(SUBSTITUTE(A55, ".", "")) = 1, "SUBETAPA", "ITEM_OBRA"))) -> ITEM_OBRA | U55: =IF(T55="ETAPA_PRINCIPAL",M55,0) -> 0 | V55: =IF($T55="ETAPA_PRINCIPAL",$L55,0) -> 0
A56: 4.2.3 | B56: ARMADURAS - PILARES - 10MM | C56: 92762 | D56: ARMAÇÃO DE PILAR OU VIGA DE ESTRUTURA CONVENCIONAL DE CONCRETO ARMADO UTILIZANDO AÇO CA-50 DE 10,0 MM - MONTAGEM. AF_06/2022 | E56: KG | F56: 30 | I56: =G56+H56 -> 0 | J56: =G56*F56 -> 0 | K56: =H56*F56 -> 0 | L56: =J56+K56 -> 0 | M56: =L56*(1+$M$4) -> 0 | T56: =IF(A56="", "", IF(LEN(A56)-LEN(SUBSTITUTE(A56, ".", "")) = 0, "ETAPA_PRINCIPAL", IF(LEN(A56)-LEN(SUBSTITUTE(A56, ".", "")) = 1, "SUBETAPA", "ITEM_OBRA"))) -> ITEM_OBRA | U56: =IF(T56="ETAPA_PRINCIPAL",M56,0) -> 0 | V56: =IF($T56="ETAPA_PRINCIPAL",$L56,0) -> 0
A57: 4.2.4 | B57: ARMADURAS - PILARES - 8MM | C57: 92917 | D57: ARMAÇÃO DE ESTRUTURAS DIVERSAS DE CONCRETO ARMADO, EXCETO VIGAS, PILARES, LAJES E FUNDAÇÕES, UTILIZANDO AÇO CA-50 DE 8,0 MM - MONTAGEM. AF_06/2022 | E57: KG | F57: 218.7 | I57: =G57+H57 -> 0 | J57: =G57*F57 -> 0 | K57: =H57*F57 -> 0 | L57: =J57+K57 -> 0 | M57: =L57*(1+$M$4) -> 0 | T57: =IF(A57="", "", IF(LEN(A57)-LEN(SUBSTITUTE(A57, ".", "")) = 0, "ETAPA_PRINCIPAL", IF(LEN(A57)-LEN(SUBSTITUTE(A57, ".", "")) = 1, "SUBETAPA", "ITEM_OBRA"))) -> ITEM_OBRA | U57: =IF(T57="ETAPA_PRINCIPAL",M57,0) -> 0 | V57: =IF($T57="ETAPA_PRINCIPAL",$L57,0) -> 0
A58: 4.2.5 | B58: ARMADURAS - PILARES - 5MM | C58: 92759 | D58: ARMAÇÃO DE PILAR OU VIGA DE ESTRUTURA CONVENCIONAL DE CONCRETO ARMADO UTILIZANDO AÇO CA-60 DE 5,0 MM - MONTAGEM. AF_06/2022 | E58: KG | F58: 55.4 | I58: =G58+H58 -> 0 | J58: =G58*F58 -> 0 | K58: =H58*F58 -> 0 | L58: =J58+K58 -> 0 | M58: =L58*(1+$M$4) -> 0 | T58: =IF(A58="", "", IF(LEN(A58)-LEN(SUBSTITUTE(A58, ".", "")) = 0, "ETAPA_PRINCIPAL", IF(LEN(A58)-LEN(SUBSTITUTE(A58, ".", "")) = 1, "SUBETAPA", "ITEM_OBRA"))) -> ITEM_OBRA | U58: =IF(T58="ETAPA_PRINCIPAL",M58,0) -> 0 | V58: =IF($T58="ETAPA_PRINCIPAL",$L58,0) -> 0
A59: 4.2.6 | B59: CONCRETO - PILARES | C59: 103672 | D59: CONCRETAGEM DE PILARES, FCK = 25 MPA, COM USO DE BOMBA - LANÇAMENTO, ADENSAMENTO E ACABAMENTO. AF_02/2022_PS | E59: M3 | F59: 1 | I59: =G59+H59 -> 0 | J59: =G59*F59 -> 0 | K59: =H59*F59 -> 0 | L59: =J59+K59 -> 0 | M59: =L59*(1+$M$4) -> 0 | T59: =IF(A59="", "", IF(LEN(A59)-LEN(SUBSTITUTE(A59, ".", "")) = 0, "ETAPA_PRINCIPAL", IF(LEN(A59)-LEN(SUBSTITUTE(A59, ".", "")) = 1, "SUBETAPA", "ITEM_OBRA"))) -> ITEM_OBRA | U59: =IF(T59="ETAPA_PRINCIPAL",M59,0) -> 0 | V59: =IF($T59="ETAPA_PRINCIPAL",$L59,0) -> 0
A60: 4.2.7 | B60: IMPERMEABILIZAÇÃO (PILAR DE FUNDAÇÃO) | C60: 98557 | D60: IMPERMEABILIZAÇÃO DE SUPERFÍCIE COM EMULSÃO ASFÁLTICA, 2 DEMÃOS. AF_09/2023 | E60: M2 | F60: 21.2 | I60: =G60+H60 -> 0 | J60: =G60*F60 -> 0 | K60: =H60*F60 -> 0 | L60: =J60+K60 -> 0 | M60: =L60*(1+$M$4) -> 0 | T60: =IF(A60="", "", IF(LEN(A60)-LEN(SUBSTITUTE(A60, ".", "")) = 0, "ETAPA_PRINCIPAL", IF(LEN(A60)-LEN(SUBSTITUTE(A60, ".", "")) = 1, "SUBETAPA", "ITEM_OBRA"))) -> ITEM_OBRA | U60: =IF(T60="ETAPA_PRINCIPAL",M60,0) -> 0 | V60: =IF($T60="ETAPA_PRINCIPAL",$L60,0) -> 0
T61: =IF(A61="", "", IF(LEN(A61)-LEN(SUBSTITUTE(A61, ".", "")) = 0, "ETAPA_PRINCIPAL", IF(LEN(A61)-LEN(SUBSTITUTE(A61, ".", "")) = 1, "SUBETAPA", "ITEM_OBRA"))) | U61: =IF(T61="ETAPA_PRINCIPAL",M61,0) -> 0 | V61: =IF($T61="ETAPA_PRINCIPAL",$L61,0) -> 0
A62: 4.3 | B62: VIGA BALDRAME | T62: =IF(A62="", "", IF(LEN(A62)-LEN(SUBSTITUTE(A62, ".", "")) = 0, "ETAPA_PRINCIPAL", IF(LEN(A62)-LEN(SUBSTITUTE(A62, ".", "")) = 1, "SUBETAPA", "ITEM_OBRA"))) -> SUBETAPA | U62: =IF(T62="ETAPA_PRINCIPAL",M62,0) -> 0 | V62: =IF($T62="ETAPA_PRINCIPAL",$L62,0) -> 0
A63: 4.3.1 | B63: BALDRAMES - FÔRMAS | C63: 96536 | D63: FABRICAÇÃO, MONTAGEM E DESMONTAGEM DE FÔRMA PARA VIGA BALDRAME, EM MADEIRA SERRADA, E=25 MM, 4 UTILIZAÇÕES. AF_01/2024 | E63: M2 | F63: 173.2 | I63: =G63+H63 -> 0 | J63: =G63*F63 -> 0 | K63: =H63*F63 -> 0 | L63: =J63+K63 -> 0 | M63: =L63*(1+$M$4) -> 0 | T63: =IF(A63="", "", IF(LEN(A63)-LEN(SUBSTITUTE(A63, ".", "")) = 0, "ETAPA_PRINCIPAL", IF(LEN(A63)-LEN(SUBSTITUTE(A63, ".", "")) = 1, "SUBETAPA", "ITEM_OBRA"))) -> ITEM_OBRA | U63: =IF(T63="ETAPA_PRINCIPAL",M63,0) -> 0 | V63: =IF($T63="ETAPA_PRINCIPAL",$L63,0) -> 0
A64: 4.3.2 | B64: BALDRAMES (LASTRO BRITA 3CM) | C64: 96624 | D64: LASTRO COM MATERIAL GRANULAR (PEDRA BRITADA N.2), APLICADO EM PISOS OU LAJES SOBRE SOLO, ESPESSURA DE *10 CM*. AF_01/2024 | E64: M3 | F64: =(9.8/0.3)*0.03 -> 0.98 | I64: =G64+H64 -> 0 | J64: =G64*F64 -> 0 | K64: =H64*F64 -> 0 | L64: =J64+K64 -> 0 | M64: =L64*(1+$M$4) -> 0 | T64: =IF(A64="", "", IF(LEN(A64)-LEN(SUBSTITUTE(A64, ".", "")) = 0, "ETAPA_PRINCIPAL", IF(LEN(A64)-LEN(SUBSTITUTE(A64, ".", "")) = 1, "SUBETAPA", "ITEM_OBRA"))) -> ITEM_OBRA | U64: =IF(T64="ETAPA_PRINCIPAL",M64,0) -> 0 | V64: =IF($T64="ETAPA_PRINCIPAL",$L64,0) -> 0
A65: 4.3.3 | B65: BALDRAMES - ARMAÇÃO | C65: 104916 | D65: ARMAÇÃO DE SAPATA ISOLADA, VIGA BALDRAME E SAPATA CORRIDA UTILIZANDO AÇO CA-60 DE 5 MM - MONTAGEM. AF_01/2024 | E65: KG | F65: 202.8 | I65: =G65+H65 -> 0 | J65: =G65*F65 -> 0 | K65: =H65*F65 -> 0 | L65: =J65+K65 -> 0 | M65: =L65*(1+$M$4) -> 0 | T65: =IF(A65="", "", IF(LEN(A65)-LEN(SUBSTITUTE(A65, ".", "")) = 0, "ETAPA_PRINCIPAL", IF(LEN(A65)-LEN(SUBSTITUTE(A65, ".", "")) = 1, "SUBETAPA", "ITEM_OBRA"))) -> ITEM_OBRA | U65: =IF(T65="ETAPA_PRINCIPAL",M65,0) -> 0 | V65: =IF($T65="ETAPA_PRINCIPAL",$L65,0) -> 0
A66: 4.3.4 | B66: BALDRAMES - ARMAÇÃO | C66: 104918 | D66: ARMAÇÃO DE SAPATA ISOLADA, VIGA BALDRAME E SAPATA CORRIDA UTILIZANDO AÇO CA-50 DE 8 MM - MONTAGEM. AF_01/2024 | E66: KG | F66: 372.9 | I66: =G66+H66 -> 0 | J66: =G66*F66 -> 0 | K66: =H66*F66 -> 0 | L66: =J66+K66 -> 0 | M66: =L66*(1+$M$4) -> 0 | T66: =IF(A66="", "", IF(LEN(A66)-LEN(SUBSTITUTE(A66, ".", "")) = 0, "ETAPA_PRINCIPAL", IF(LEN(A66)-LEN(SUBSTITUTE(A66, ".", "")) = 1, "SUBETAPA", "ITEM_OBRA"))) -> ITEM_OBRA | U66: =IF(T66="ETAPA_PRINCIPAL",M66,0) -> 0 | V66: =IF($T66="ETAPA_PRINCIPAL",$L66,0) -> 0
A67: 4.3.5 | B67: BALDRAMES - ARMAÇÃO | C67: 104919 | D67: ARMAÇÃO DE SAPATA ISOLADA, VIGA BALDRAME E SAPATA CORRIDA UTILIZANDO AÇO CA-50 DE 10 MM - MONTAGEM. AF_01/2024 | E67: KG | F67: 123.1 | I67: =G67+H67 -> 0 | J67: =G67*F67 -> 0 | K67: =H67*F67 -> 0 | L67: =J67+K67 -> 0 | M67: =L67*(1+$M$4) -> 0 | T67: =IF(A67="", "", IF(LEN(A67)-LEN(SUBSTITUTE(A67, ".", "")) = 0, "ETAPA_PRINCIPAL", IF(LEN(A67)-LEN(SUBSTITUTE(A67, ".", "")) = 1, "SUBETAPA", "ITEM_OBRA"))) -> ITEM_OBRA | U67: =IF(T67="ETAPA_PRINCIPAL",M67,0) -> 0 | V67: =IF($T67="ETAPA_PRINCIPAL",$L67,0) -> 0
A68: 4.3.6 | B68: BALDRAMES - ARMAÇÃO | C68: 104920 | D68: ARMAÇÃO DE BLOCO, SAPATA ISOLADA, VIGA BALDRAME E SAPATA CORRIDA UTILIZANDO AÇO CA-50 DE 12,5 MM - MONTAGEM. AF_01/2024 | E68: KG | F68: 27.6 | I68: =G68+H68 -> 0 | J68: =G68*F68 -> 0 | K68: =H68*F68 -> 0 | L68: =J68+K68 -> 0 | M68: =L68*(1+$M$4) -> 0 | T68: =IF(A68="", "", IF(LEN(A68)-LEN(SUBSTITUTE(A68, ".", "")) = 0, "ETAPA_PRINCIPAL", IF(LEN(A68)-LEN(SUBSTITUTE(A68, ".", "")) = 1, "SUBETAPA", "ITEM_OBRA"))) -> ITEM_OBRA | U68: =IF(T68="ETAPA_PRINCIPAL",M68,0) -> 0 | V68: =IF($T68="ETAPA_PRINCIPAL",$L68,0) -> 0
A69: 4.3.7 | B69: BALDRAMES | C69: 96557 | D69: CONCRETAGEM DE BLOCO DE COROAMENTO OU VIGA BALDRAME, FCK 30 MPA, COM USO DE BOMBA - LANÇAMENTO, ADENSAMENTO E ACABAMENTO. AF_01/2024 | E69: M3 | F69: 9.8 | I69: =G69+H69 -> 0 | J69: =G69*F69 -> 0 | K69: =H69*F69 -> 0 | L69: =J69+K69 -> 0 | M69: =L69*(1+$M$4) -> 0 | T69: =IF(A69="", "", IF(LEN(A69)-LEN(SUBSTITUTE(A69, ".", "")) = 0, "ETAPA_PRINCIPAL", IF(LEN(A69)-LEN(SUBSTITUTE(A69, ".", "")) = 1, "SUBETAPA", "ITEM_OBRA"))) -> ITEM_OBRA | U69: =IF(T69="ETAPA_PRINCIPAL",M69,0) -> 0 | V69: =IF($T69="ETAPA_PRINCIPAL",$L69,0) -> 0
A70: 4.3.8 | B70: IMPERMEABILIZAÇÃO (BALDRAME) | C70: 98557 | D70: IMPERMEABILIZAÇÃO DE SUPERFÍCIE COM EMULSÃO ASFÁLTICA, 2 DEMÃOS. AF_09/2023 | E70: M2 | F70: 173.2 | I70: =G70+H70 -> 0 | J70: =G70*F70 -> 0 | K70: =H70*F70 -> 0 | L70: =J70+K70 -> 0 | M70: =L70*(1+$M$4) -> 0 | T70: =IF(A70="", "", IF(LEN(A70)-LEN(SUBSTITUTE(A70, ".", "")) = 0, "ETAPA_PRINCIPAL", IF(LEN(A70)-LEN(SUBSTITUTE(A70, ".", "")) = 1, "SUBETAPA", "ITEM_OBRA"))) -> ITEM_OBRA | U70: =IF(T70="ETAPA_PRINCIPAL",M70,0) -> 0 | V70: =IF($T70="ETAPA_PRINCIPAL",$L70,0) -> 0
A71: 4.3.9 | B71: IMPERMEABILIZAÇÃO - RODAPÉ 30 CM | C71: 98555 | D71: IMPERMEABILIZAÇÃO DE SUPERFÍCIE COM ARGAMASSA POLIMÉRICA / MEMBRANA ACRÍLICA, 3 DEMÃOS. AF_09/2023 | E71: M2 | F71: =(9.8/(0.14*0.3))*0.3 -> 70 | I71: =G71+H71 -> 0 | J71: =G71*F71 -> 0 | K71: =H71*F71 -> 0 | L71: =J71+K71 -> 0 | M71: =L71*(1+$M$4) -> 0 | T71: =IF(A71="", "", IF(LEN(A71)-LEN(SUBSTITUTE(A71, ".", "")) = 0, "ETAPA_PRINCIPAL", IF(LEN(A71)-LEN(SUBSTITUTE(A71, ".", "")) = 1, "SUBETAPA", "ITEM_OBRA"))) -> ITEM_OBRA | U71: =IF(T71="ETAPA_PRINCIPAL",M71,0) -> 0 | V71: =IF($T71="ETAPA_PRINCIPAL",$L71,0) -> 0
T72: =IF(A72="", "", IF(LEN(A72)-LEN(SUBSTITUTE(A72, ".", "")) = 0, "ETAPA_PRINCIPAL", IF(LEN(A72)-LEN(SUBSTITUTE(A72, ".", "")) = 1, "SUBETAPA", "ITEM_OBRA"))) | U72: =IF(T72="ETAPA_PRINCIPAL",M72,0) -> 0 | V72: =IF($T72="ETAPA_PRINCIPAL",$L72,0) -> 0
A73: 5 | B73: SUPERESTRUTURA | J73: =SUM(J75:J93) -> 0 | K73: =SUM(K75:K93) -> 0 | L73: =SUM(L75:L93) -> 0 | M73: =SUM(M75:M93) -> 0 | N73: =M73 -> 0 | T73: =IF(A73="", "", IF(LEN(A73)-LEN(SUBSTITUTE(A73, ".", "")) = 0, "ETAPA_PRINCIPAL", IF(LEN(A73)-LEN(SUBSTITUTE(A73, ".", "")) = 1, "SUBETAPA", "ITEM_OBRA"))) -> ETAPA_PRINCIPAL | U73: =IF(T73="ETAPA_PRINCIPAL",M73,0) -> 0 | V73: =IF($T73="ETAPA_PRINCIPAL",$L73,0) -> 0
A74: 5.1 | B74: PILARES | T74: =IF(A74="", "", IF(LEN(A74)-LEN(SUBSTITUTE(A74, ".", "")) = 0, "ETAPA_PRINCIPAL", IF(LEN(A74)-LEN(SUBSTITUTE(A74, ".", "")) = 1, "SUBETAPA", "ITEM_OBRA"))) -> SUBETAPA | U74: =IF(T74="ETAPA_PRINCIPAL",M74,0) -> 0 | V74: =IF($T74="ETAPA_PRINCIPAL",$L74,0) -> 0
A75: 5.1.1 | B75: FÔRMAS - PILARES | C75: 92413 | D75: MONTAGEM E DESMONTAGEM DE FÔRMA DE PILARES RETANGULARES E ESTRUTURAS SIMILARES, PÉ-DIREITO SIMPLES, EM MADEIRA SERRADA, 4 UTILIZAÇÕES. AF_09/2020 | E75: M2 | F75: 204.2 | I75: =G75+H75 -> 0 | J75: =G75*F75 -> 0 | K75: =H75*F75 -> 0 | L75: =J75+K75 -> 0 | M75: =L75*(1+$M$4) -> 0 | T75: =IF(A75="", "", IF(LEN(A75)-LEN(SUBSTITUTE(A75, ".", "")) = 0, "ETAPA_PRINCIPAL", IF(LEN(A75)-LEN(SUBSTITUTE(A75, ".", "")) = 1, "SUBETAPA", "ITEM_OBRA"))) -> ITEM_OBRA | U75: =IF(T75="ETAPA_PRINCIPAL",M75,0) -> 0 | V75: =IF($T75="ETAPA_PRINCIPAL",$L75,0) -> 0
A76: 5.1.2 | B76: ARMADURAS - PILARES - 12,5MM | C76: 92763 | D76: ARMAÇÃO DE PILAR OU VIGA DE ESTRUTURA CONVENCIONAL DE CONCRETO ARMADO UTILIZANDO AÇO CA-50 DE 12,5 MM - MONTAGEM. AF_06/2022 | E76: KG | F76: 115.5 | I76: =G76+H76 -> 0 | J76: =G76*F76 -> 0 | K76: =H76*F76 -> 0 | L76: =J76+K76 -> 0 | M76: =L76*(1+$M$4) -> 0 | T76: =IF(A76="", "", IF(LEN(A76)-LEN(SUBSTITUTE(A76, ".", "")) = 0, "ETAPA_PRINCIPAL", IF(LEN(A76)-LEN(SUBSTITUTE(A76, ".", "")) = 1, "SUBETAPA", "ITEM_OBRA"))) -> ITEM_OBRA | U76: =IF(T76="ETAPA_PRINCIPAL",M76,0) -> 0 | V76: =IF($T76="ETAPA_PRINCIPAL",$L76,0) -> 0
A77: 5.1.3 | B77: ARMADURAS - PILARES - 10MM | C77: 92762 | D77: ARMAÇÃO DE PILAR OU VIGA DE ESTRUTURA CONVENCIONAL DE CONCRETO ARMADO UTILIZANDO AÇO CA-50 DE 10,0 MM - MONTAGEM. AF_06/2022 | E77: KG | F77: 739.4 | I77: =G77+H77 -> 0 | J77: =G77*F77 -> 0 | K77: =H77*F77 -> 0 | L77: =J77+K77 -> 0 | M77: =L77*(1+$M$4) -> 0 | T77: =IF(A77="", "", IF(LEN(A77)-LEN(SUBSTITUTE(A77, ".", "")) = 0, "ETAPA_PRINCIPAL", IF(LEN(A77)-LEN(SUBSTITUTE(A77, ".", "")) = 1, "SUBETAPA", "ITEM_OBRA"))) -> ITEM_OBRA | U77: =IF(T77="ETAPA_PRINCIPAL",M77,0) -> 0 | V77: =IF($T77="ETAPA_PRINCIPAL",$L77,0) -> 0
A78: 5.1.4 | B78: ARMADURAS - PILARES - 8MM | C78: 92761 | D78: ARMAÇÃO DE PILAR OU VIGA DE ESTRUTURA CONVENCIONAL DE CONCRETO ARMADO UTILIZANDO AÇO CA-50 DE 8,0 MM - MONTAGEM. AF_06/2022 | E78: KG | F78: 10.9 | I78: =G78+H78 -> 0 | J78: =G78*F78 -> 0 | K78: =H78*F78 -> 0 | L78: =J78+K78 -> 0 | M78: =L78*(1+$M$4) -> 0 | T78: =IF(A78="", "", IF(LEN(A78)-LEN(SUBSTITUTE(A78, ".", "")) = 0, "ETAPA_PRINCIPAL", IF(LEN(A78)-LEN(SUBSTITUTE(A78, ".", "")) = 1, "SUBETAPA", "ITEM_OBRA"))) -> ITEM_OBRA | U78: =IF(T78="ETAPA_PRINCIPAL",M78,0) -> 0 | V78: =IF($T78="ETAPA_PRINCIPAL",$L78,0) -> 0
A79: 5.1.5 | B79: ARMADURAS - PILARES - 5MM | C79: 92759 | D79: ARMAÇÃO DE PILAR OU VIGA DE ESTRUTURA CONVENCIONAL DE CONCRETO ARMADO UTILIZANDO AÇO CA-60 DE 5,0 MM - MONTAGEM. AF_06/2022 | E79: KG | F79: 292.3 | I79: =G79+H79 -> 0 | J79: =G79*F79 -> 0 | K79: =H79*F79 -> 0 | L79: =J79+K79 -> 0 | M79: =L79*(1+$M$4) -> 0 | T79: =IF(A79="", "", IF(LEN(A79)-LEN(SUBSTITUTE(A79, ".", "")) = 0, "ETAPA_PRINCIPAL", IF(LEN(A79)-LEN(SUBSTITUTE(A79, ".", "")) = 1, "SUBETAPA", "ITEM_OBRA"))) -> ITEM_OBRA | U79: =IF(T79="ETAPA_PRINCIPAL",M79,0) -> 0 | V79: =IF($T79="ETAPA_PRINCIPAL",$L79,0) -> 0
A80: 5.1.6 | B80: CONCRETO - PILARES | C80: 103672 | D80: CONCRETAGEM DE PILARES, FCK = 25 MPA, COM USO DE BOMBA - LANÇAMENTO, ADENSAMENTO E ACABAMENTO. AF_02/2022_PS | E80: M3 | F80: 10.1 | I80: =G80+H80 -> 0 | J80: =G80*F80 -> 0 | K80: =H80*F80 -> 0 | L80: =J80+K80 -> 0 | M80: =L80*(1+$M$4) -> 0 | T80: =IF(A80="", "", IF(LEN(A80)-LEN(SUBSTITUTE(A80, ".", "")) = 0, "ETAPA_PRINCIPAL", IF(LEN(A80)-LEN(SUBSTITUTE(A80, ".", "")) = 1, "SUBETAPA", "ITEM_OBRA"))) -> ITEM_OBRA | U80: =IF(T80="ETAPA_PRINCIPAL",M80,0) -> 0 | V80: =IF($T80="ETAPA_PRINCIPAL",$L80,0) -> 0
T81: =IF(A81="", "", IF(LEN(A81)-LEN(SUBSTITUTE(A81, ".", "")) = 0, "ETAPA_PRINCIPAL", IF(LEN(A81)-LEN(SUBSTITUTE(A81, ".", "")) = 1, "SUBETAPA", "ITEM_OBRA"))) | U81: =IF(T81="ETAPA_PRINCIPAL",M81,0) -> 0 | V81: =IF($T81="ETAPA_PRINCIPAL",$L81,0) -> 0
A82: 5.2 | B82: VIGAS | T82: =IF(A82="", "", IF(LEN(A82)-LEN(SUBSTITUTE(A82, ".", "")) = 0, "ETAPA_PRINCIPAL", IF(LEN(A82)-LEN(SUBSTITUTE(A82, ".", "")) = 1, "SUBETAPA", "ITEM_OBRA"))) -> SUBETAPA | U82: =IF(T82="ETAPA_PRINCIPAL",M82,0) -> 0 | V82: =IF($T82="ETAPA_PRINCIPAL",$L82,0) -> 0
A83: 5.2.1 | B83: FÔRMAS - VIGAS | C83: 92448 | D83: MONTAGEM E DESMONTAGEM DE FÔRMA DE VIGA, ESCORAMENTO COM PONTALETE DE MADEIRA, PÉ-DIREITO SIMPLES, EM MADEIRA SERRADA, 4 UTILIZAÇÕES. AF_09/2020 | E83: M2 | F83: 393 | I83: =G83+H83 -> 0 | J83: =G83*F83 -> 0 | K83: =H83*F83 -> 0 | L83: =J83+K83 -> 0 | M83: =L83*(1+$M$4) -> 0 | T83: =IF(A83="", "", IF(LEN(A83)-LEN(SUBSTITUTE(A83, ".", "")) = 0, "ETAPA_PRINCIPAL", IF(LEN(A83)-LEN(SUBSTITUTE(A83, ".", "")) = 1, "SUBETAPA", "ITEM_OBRA"))) -> ITEM_OBRA | U83: =IF(T83="ETAPA_PRINCIPAL",M83,0) -> 0 | V83: =IF($T83="ETAPA_PRINCIPAL",$L83,0) -> 0
A84: 5.2.2 | B84: ARMADURAS - VIGAS - 12,5MM | C84: 92763 | D84: ARMAÇÃO DE PILAR OU VIGA DE ESTRUTURA CONVENCIONAL DE CONCRETO ARMADO UTILIZANDO AÇO CA-50 DE 12,5 MM - MONTAGEM. AF_06/2022 | E84: KG | F84: 157.4 | I84: =G84+H84 -> 0 | J84: =G84*F84 -> 0 | K84: =H84*F84 -> 0 | L84: =J84+K84 -> 0 | M84: =L84*(1+$M$4) -> 0 | T84: =IF(A84="", "", IF(LEN(A84)-LEN(SUBSTITUTE(A84, ".", "")) = 0, "ETAPA_PRINCIPAL", IF(LEN(A84)-LEN(SUBSTITUTE(A84, ".", "")) = 1, "SUBETAPA", "ITEM_OBRA"))) -> ITEM_OBRA | U84: =IF(T84="ETAPA_PRINCIPAL",M84,0) -> 0 | V84: =IF($T84="ETAPA_PRINCIPAL",$L84,0) -> 0
A85: 5.2.3 | B85: ARMADURAS - VIGAS - 10MM | C85: 92762 | D85: ARMAÇÃO DE PILAR OU VIGA DE ESTRUTURA CONVENCIONAL DE CONCRETO ARMADO UTILIZANDO AÇO CA-50 DE 10,0 MM - MONTAGEM. AF_06/2022 | E85: KG | F85: 187.3 | I85: =G85+H85 -> 0 | J85: =G85*F85 -> 0 | K85: =H85*F85 -> 0 | L85: =J85+K85 -> 0 | M85: =L85*(1+$M$4) -> 0 | T85: =IF(A85="", "", IF(LEN(A85)-LEN(SUBSTITUTE(A85, ".", "")) = 0, "ETAPA_PRINCIPAL", IF(LEN(A85)-LEN(SUBSTITUTE(A85, ".", "")) = 1, "SUBETAPA", "ITEM_OBRA"))) -> ITEM_OBRA | U85: =IF(T85="ETAPA_PRINCIPAL",M85,0) -> 0 | V85: =IF($T85="ETAPA_PRINCIPAL",$L85,0) -> 0
A86: 5.2.4 | B86: ARMADURAS - VIGAS - 8MM | C86: 92761 | D86: ARMAÇÃO DE PILAR OU VIGA DE ESTRUTURA CONVENCIONAL DE CONCRETO ARMADO UTILIZANDO AÇO CA-50 DE 8,0 MM - MONTAGEM. AF_06/2022 | E86: KG | F86: 922.3 | I86: =G86+H86 -> 0 | J86: =G86*F86 -> 0 | K86: =H86*F86 -> 0 | L86: =J86+K86 -> 0 | M86: =L86*(1+$M$4) -> 0 | T86: =IF(A86="", "", IF(LEN(A86)-LEN(SUBSTITUTE(A86, ".", "")) = 0, "ETAPA_PRINCIPAL", IF(LEN(A86)-LEN(SUBSTITUTE(A86, ".", "")) = 1, "SUBETAPA", "ITEM_OBRA"))) -> ITEM_OBRA | U86: =IF(T86="ETAPA_PRINCIPAL",M86,0) -> 0 | V86: =IF($T86="ETAPA_PRINCIPAL",$L86,0) -> 0
A87: 5.2.5 | B87: ARMADURAS - VIGAS - 5MM | C87: 92759 | D87: ARMAÇÃO DE PILAR OU VIGA DE ESTRUTURA CONVENCIONAL DE CONCRETO ARMADO UTILIZANDO AÇO CA-60 DE 5,0 MM - MONTAGEM. AF_06/2022 | E87: KG | F87: 496 | I87: =G87+H87 -> 0 | J87: =G87*F87 -> 0 | K87: =H87*F87 -> 0 | L87: =J87+K87 -> 0 | M87: =L87*(1+$M$4) -> 0 | T87: =IF(A87="", "", IF(LEN(A87)-LEN(SUBSTITUTE(A87, ".", "")) = 0, "ETAPA_PRINCIPAL", IF(LEN(A87)-LEN(SUBSTITUTE(A87, ".", "")) = 1, "SUBETAPA", "ITEM_OBRA"))) -> ITEM_OBRA | U87: =IF(T87="ETAPA_PRINCIPAL",M87,0) -> 0 | V87: =IF($T87="ETAPA_PRINCIPAL",$L87,0) -> 0
A88: 5.2.6 | B88: CONCRETO - VIGAS | C88: 103674 | D88: CONCRETAGEM DE VIGAS E LAJES, FCK=25 MPA, PARA LAJES PREMOLDADAS COM USO DE BOMBA - LANÇAMENTO, ADENSAMENTO E ACABAMENTO. AF_02/2022_PS | E88: M3 | F88: 22.4 | I88: =G88+H88 -> 0 | J88: =G88*F88 -> 0 | K88: =H88*F88 -> 0 | L88: =J88+K88 -> 0 | M88: =L88*(1+$M$4) -> 0 | T88: =IF(A88="", "", IF(LEN(A88)-LEN(SUBSTITUTE(A88, ".", "")) = 0, "ETAPA_PRINCIPAL", IF(LEN(A88)-LEN(SUBSTITUTE(A88, ".", "")) = 1, "SUBETAPA", "ITEM_OBRA"))) -> ITEM_OBRA | U88: =IF(T88="ETAPA_PRINCIPAL",M88,0) -> 0 | V88: =IF($T88="ETAPA_PRINCIPAL",$L88,0) -> 0
T89: =IF(A89="", "", IF(LEN(A89)-LEN(SUBSTITUTE(A89, ".", "")) = 0, "ETAPA_PRINCIPAL", IF(LEN(A89)-LEN(SUBSTITUTE(A89, ".", "")) = 1, "SUBETAPA", "ITEM_OBRA"))) | U89: =IF(T89="ETAPA_PRINCIPAL",M89,0) -> 0 | V89: =IF($T89="ETAPA_PRINCIPAL",$L89,0) -> 0
A90: 5.3 | B90: LAJES | T90: =IF(A90="", "", IF(LEN(A90)-LEN(SUBSTITUTE(A90, ".", "")) = 0, "ETAPA_PRINCIPAL", IF(LEN(A90)-LEN(SUBSTITUTE(A90, ".", "")) = 1, "SUBETAPA", "ITEM_OBRA"))) -> SUBETAPA | U90: =IF(T90="ETAPA_PRINCIPAL",M90,0) -> 0 | V90: =IF($T90="ETAPA_PRINCIPAL",$L90,0) -> 0
A91: 5.3.1 | B91: MONTAGEM DE LAJE MACIÇA (16 CM) | C91: 92486 | D91: MONTAGEM E DESMONTAGEM DE FÔRMA DE LAJE MACIÇA, PÉ-DIREITO SIMPLES, EM MADEIRA SERRADA, 4 UTILIZAÇÕES. AF_09/2020 | E91: M2 | F91: 21.5 | I91: =G91+H91 -> 0 | J91: =G91*F91 -> 0 | K91: =H91*F91 -> 0 | L91: =J91+K91 -> 0 | M91: =L91*(1+$M$4) -> 0 | T91: =IF(A91="", "", IF(LEN(A91)-LEN(SUBSTITUTE(A91, ".", "")) = 0, "ETAPA_PRINCIPAL", IF(LEN(A91)-LEN(SUBSTITUTE(A91, ".", "")) = 1, "SUBETAPA", "ITEM_OBRA"))) -> ITEM_OBRA | U91: =IF(T91="ETAPA_PRINCIPAL",M91,0) -> 0 | V91: =IF($T91="ETAPA_PRINCIPAL",$L91,0) -> 0
A92: 5.3.2 | B92: LAJE - ARMAÇÃO MÍNIMA ESPÇAMENTO A CADA 12CM MALHA DE 5,0 MM | C92: 92768 | D92: ARMAÇÃO DE LAJE DE ESTRUTURA CONVENCIONAL DE CONCRETO ARMADO UTILIZANDO AÇO CA-60 DE 5,0 MM - MONTAGEM. AF_06/2022 | E92: KG | F92: 74.6 | I92: =G92+H92 -> 0 | J92: =G92*F92 -> 0 | K92: =H92*F92 -> 0 | L92: =J92+K92 -> 0 | M92: =L92*(1+$M$4) -> 0 | T92: =IF(A92="", "", IF(LEN(A92)-LEN(SUBSTITUTE(A92, ".", "")) = 0, "ETAPA_PRINCIPAL", IF(LEN(A92)-LEN(SUBSTITUTE(A92, ".", "")) = 1, "SUBETAPA", "ITEM_OBRA"))) -> ITEM_OBRA | U92: =IF(T92="ETAPA_PRINCIPAL",M92,0) -> 0 | V92: =IF($T92="ETAPA_PRINCIPAL",$L92,0) -> 0
A93: 5.3.3 | B93: CONCRETO - LAJES | C93: 103674 | D93: CONCRETAGEM DE VIGAS E LAJES, FCK=25 MPA, PARA LAJES PREMOLDADAS COM USO DE BOMBA - LANÇAMENTO, ADENSAMENTO E ACABAMENTO. AF_02/2022_PS | E93: M3 | F93: 3.4 | I93: =G93+H93 -> 0 | J93: =G93*F93 -> 0 | K93: =H93*F93 -> 0 | L93: =J93+K93 -> 0 | M93: =L93*(1+$M$4) -> 0 | T93: =IF(A93="", "", IF(LEN(A93)-LEN(SUBSTITUTE(A93, ".", "")) = 0, "ETAPA_PRINCIPAL", IF(LEN(A93)-LEN(SUBSTITUTE(A93, ".", "")) = 1, "SUBETAPA", "ITEM_OBRA"))) -> ITEM_OBRA | U93: =IF(T93="ETAPA_PRINCIPAL",M93,0) -> 0 | V93: =IF($T93="ETAPA_PRINCIPAL",$L93,0) -> 0
T94: =IF(A94="", "", IF(LEN(A94)-LEN(SUBSTITUTE(A94, ".", "")) = 0, "ETAPA_PRINCIPAL", IF(LEN(A94)-LEN(SUBSTITUTE(A94, ".", "")) = 1, "SUBETAPA", "ITEM_OBRA"))) | U94: =IF(T94="ETAPA_PRINCIPAL",M94,0) -> 0 | V94: =IF($T94="ETAPA_PRINCIPAL",$L94,0) -> 0
A95: 6 | B95: COBERTURA E ÁGUAS PLUVIAIS | J95: =SUM(J96:J114) -> 0 | K95: =SUM(K96:K114) -> 0 | L95: =SUM(L96:L114) -> 0 | M95: =SUM(M96:M114) -> 0 | N95: =M95 -> 0 | T95: =IF(A95="", "", IF(LEN(A95)-LEN(SUBSTITUTE(A95, ".", "")) = 0, "ETAPA_PRINCIPAL", IF(LEN(A95)-LEN(SUBSTITUTE(A95, ".", "")) = 1, "SUBETAPA", "ITEM_OBRA"))) -> ETAPA_PRINCIPAL | U95: =IF(T95="ETAPA_PRINCIPAL",M95,0) -> 0 | V95: =IF($T95="ETAPA_PRINCIPAL",$L95,0) -> 0
A96: 6.1 | B96: COBERTURA | T96: =IF(A96="", "", IF(LEN(A96)-LEN(SUBSTITUTE(A96, ".", "")) = 0, "ETAPA_PRINCIPAL", IF(LEN(A96)-LEN(SUBSTITUTE(A96, ".", "")) = 1, "SUBETAPA", "ITEM_OBRA"))) -> SUBETAPA | U96: =IF(T96="ETAPA_PRINCIPAL",M96,0) -> 0 | V96: =IF($T96="ETAPA_PRINCIPAL",$L96,0) -> 0
A97: 6.1.1 | B97: TESOURA - 2 ÁGUAS | C97: 92620 | D97: FABRICAÇÃO E INSTALAÇÃO DE TESOURA INTEIRA EM AÇO, VÃO DE 12 M, PARA TELHA ONDULADA DE FIBROCIMENTO, METÁLICA, PLÁSTICA OU TERMOACÚSTICA, INCLUSO IÇAMENTO, EXCLUSIVE PINTURA. AF_10/2025 | E97: UN | F97: 8 | I97: =G97+H97 -> 0 | J97: =G97*F97 -> 0 | K97: =H97*F97 -> 0 | L97: =J97+K97 -> 0 | M97: =L97*(1+$M$4) -> 0 | T97: =IF(A97="", "", IF(LEN(A97)-LEN(SUBSTITUTE(A97, ".", "")) = 0, "ETAPA_PRINCIPAL", IF(LEN(A97)-LEN(SUBSTITUTE(A97, ".", "")) = 1, "SUBETAPA", "ITEM_OBRA"))) -> ITEM_OBRA | U97: =IF(T97="ETAPA_PRINCIPAL",M97,0) -> 0 | V97: =IF($T97="ETAPA_PRINCIPAL",$L97,0) -> 0
A98: 6.1.2 | B98: TESOURA | C98: 92580 | D98: TRAMA DE AÇO COMPOSTA POR TERÇAS PARA TELHADOS DE ATÉ 2 ÁGUAS PARA TELHA ONDULADA DE FIBROCIMENTO, METÁLICA, PLÁSTICA OU TERMOACÚSTICA, INCLUSO TRANSPORTE VERTICAL, EXCLUSIVE PINTURA. AF_10/2025_PS | E98: M2 | F98: 341.02 | I98: =G98+H98 -> 0 | J98: =G98*F98 -> 0 | K98: =H98*F98 -> 0 | L98: =J98+K98 -> 0 | M98: =L98*(1+$M$4) -> 0 | T98: =IF(A98="", "", IF(LEN(A98)-LEN(SUBSTITUTE(A98, ".", "")) = 0, "ETAPA_PRINCIPAL", IF(LEN(A98)-LEN(SUBSTITUTE(A98, ".", "")) = 1, "SUBETAPA", "ITEM_OBRA"))) -> ITEM_OBRA | U98: =IF(T98="ETAPA_PRINCIPAL",M98,0) -> 0 | V98: =IF($T98="ETAPA_PRINCIPAL",$L98,0) -> 0
A99: 6.1.3 | B99: TELHAS | C99: 94216 | D99: TELHAMENTO COM TELHA METÁLICA TERMOACÚSTICA E = 30 MM, COM ATÉ 2 ÁGUAS, INCLUSO IÇAMENTO. AF_07/2019 | E99: M2 | F99: 341.02 | I99: =G99+H99 -> 0 | J99: =G99*F99 -> 0 | K99: =H99*F99 -> 0 | L99: =J99+K99 -> 0 | M99: =L99*(1+$M$4) -> 0 | T99: =IF(A99="", "", IF(LEN(A99)-LEN(SUBSTITUTE(A99, ".", "")) = 0, "ETAPA_PRINCIPAL", IF(LEN(A99)-LEN(SUBSTITUTE(A99, ".", "")) = 1, "SUBETAPA", "ITEM_OBRA"))) -> ITEM_OBRA | U99: =IF(T99="ETAPA_PRINCIPAL",M99,0) -> 0 | V99: =IF($T99="ETAPA_PRINCIPAL",$L99,0) -> 0
A100: 6.1.4 | B100: ACABAMENTO FRONTAL TELHA SANDUÍCHE | C100: COMP. 17 | D100: ACABAMENTO FRONTAL PARA TELHA SANDUÍCHE, EM CHAPA DE AÇO GALVANIZADO Nº26 | E100: M | F100: =23.8*2 -> 47.6 | I100: =G100+H100 -> 0 | J100: =G100*F100 -> 0 | K100: =H100*F100 -> 0 | L100: =J100+K100 -> 0 | M100: =L100*(1+$M$4) -> 0 | T100: =IF(A100="", "", IF(LEN(A100)-LEN(SUBSTITUTE(A100, ".", "")) = 0, "ETAPA_PRINCIPAL", IF(LEN(A100)-LEN(SUBSTITUTE(A100, ".", "")) = 1, "SUBETAPA", "ITEM_OBRA"))) -> ITEM_OBRA | U100: =IF(T100="ETAPA_PRINCIPAL",M100,0) -> 0 | V100: =IF($T100="ETAPA_PRINCIPAL",$L100,0) -> 0
A101: 6.1.5 | B101: BEIRAL LATERAL EM TELHA METÁLICA | C101: 94216 | D101: TELHAMENTO COM TELHA METÁLICA TERMOACÚSTICA E = 30 MM, COM ATÉ 2 ÁGUAS, INCLUSO IÇAMENTO. AF_07/2019 | E101: M2 | F101: =23.8*2 -> 47.6 | I101: =G101+H101 -> 0 | J101: =G101*F101 -> 0 | K101: =H101*F101 -> 0 | L101: =J101+K101 -> 0 | M101: =L101*(1+$M$4) -> 0 | T101: =IF(A101="", "", IF(LEN(A101)-LEN(SUBSTITUTE(A101, ".", "")) = 0, "ETAPA_PRINCIPAL", IF(LEN(A101)-LEN(SUBSTITUTE(A101, ".", "")) = 1, "SUBETAPA", "ITEM_OBRA"))) -> ITEM_OBRA | U101: =IF(T101="ETAPA_PRINCIPAL",M101,0) -> 0 | V101: =IF($T101="ETAPA_PRINCIPAL",$L101,0) -> 0
A102: 6.1.6 | B102: CUMEEIRAS | C102: 13745/ORSE | D102: CUMEEIRA EM GALVALUME PARA TELHA TRAPEZOIDAL GALVALUME STANDARD, COM 40 CM DE CADA LADO, E = 0,43MM, COR NATURAL | E102: M | F102: 23.8 | I102: =G102+H102 -> 0 | J102: =G102*F102 -> 0 | K102: =H102*F102 -> 0 | L102: =J102+K102 -> 0 | M102: =L102*(1+$M$4) -> 0 | T102: =IF(A102="", "", IF(LEN(A102)-LEN(SUBSTITUTE(A102, ".", "")) = 0, "ETAPA_PRINCIPAL", IF(LEN(A102)-LEN(SUBSTITUTE(A102, ".", "")) = 1, "SUBETAPA", "ITEM_OBRA"))) -> ITEM_OBRA | U102: =IF(T102="ETAPA_PRINCIPAL",M102,0) -> 0 | V102: =IF($T102="ETAPA_PRINCIPAL",$L102,0) -> 0
A103: 6.1.7 | B103: RUFOS - ENCONTRO COM PLATIBANDAS | C103: 94231 | D103: RUFO EM CHAPA DE AÇO GALVANIZADO NÚMERO 24, CORTE DE 25 CM, INCLUSO TRANSPORTE VERTICAL. AF_07/2019 | E103: M | F103: =16.2*2+7.7+(8.1+12.6)+32 -> 92.8 | I103: =G103+H103 -> 0 | J103: =G103*F103 -> 0 | K103: =H103*F103 -> 0 | L103: =J103+K103 -> 0 | M103: =L103*(1+$M$4) -> 0 | T103: =IF(A103="", "", IF(LEN(A103)-LEN(SUBSTITUTE(A103, ".", "")) = 0, "ETAPA_PRINCIPAL", IF(LEN(A103)-LEN(SUBSTITUTE(A103, ".", "")) = 1, "SUBETAPA", "ITEM_OBRA"))) -> ITEM_OBRA | U103: =IF(T103="ETAPA_PRINCIPAL",M103,0) -> 0 | V103: =IF($T103="ETAPA_PRINCIPAL",$L103,0) -> 0
...

Sheet COMPOSIÇÕES
C3: UNIVERSIDADE ESTADUAL DO NORTE DO PARANÁ
C4: CNPJ: 08.885.100/0001-54
C5: OBRA : BLOCO ADMINISTRATIVO DO CCSEN
C6: Local: Campus de Cornélio Procópio - CCP
C7: Data do orçamento:SETEMBRO/2026
C8: SINAPI_Referência_2026_07_não desonerado
F9: RESPONSÁVEL TÉCNICO Amanda Alves da Silva Arquiteta e Urbanista CAU A145138-3 | H9: RESPONSÁVEL TÉCNICO Maicon Junior Hochscheidt Engenheiro Civil CREA/PR-189719/D | J9: RESPONSÁVEL TÉCNICO Henrique F. Ximenes de Andrade Bilbao Engenheiro Civil CREA PR 160.587/D
A10: COMPOSIÇÕES UENP - BASE SINAPI
A13: 01. KIT DE PORTA-PRONTA DE MADEIRA EM ACABAMENTO MELAMÍNICO BRANCO, FOLHA LEVE OU MÉDIA, E BATENTE METÁLICO, 90X210CM, COM REVESTIMENTO RESISTENTE A IMPACTOS (90X40CM), FIXAÇÃO COM ARGAMASSA - FORNECIMENTO E INSTALAÇÃO. AF_12/2019
A14: DESC. | H14: UNIDADE | I14: UN
B15: COD | C15: SERVIÇO | D15: UN | E15: QTD | F15: VALOR MAT+EQ | G15: VALOR M.O | H15: VALOR UN | I15: VT MAT+EQ | J15: VT M.O | K15: VT
A16: INSUMO | B16: 39485 | C16: KIT PORTA PRONTA DE MADEIRA, FOLHA LEVE (NBR 15930) DE 900 X 2100 MM, DE 35 MM A 40 MM DE ESPESSURA, COM MARCO EM ACO, NUCLEO COLMEIA, CAPA LISA EM HDF, ACABAMENTO MELAMINICO BRANCO (INCLUI MARCO, ALIZARES, DOBRADICAS E FECHADURA) | D16: UN | E16: 1 | F16: 724.94 | G16: 0 | H16: =F16+G16 -> 724.94 | I16: =F16*E16 -> 724.94 | J16: =G16*E16 -> 0 | K16: =I16+J16 -> 724.94
A17: COMPOSICAO | B17: 88261 | C17: CARPINTEIRO DE ESQUADRIA COM ENCARGOS COMPLEMENTARES | D17: H | E17: 0.327 | F17: 0 | G17: 37.87 | H17: =F17+G17 -> 37.87 | I17: =F17*E17 -> 0 | J17: =G17*E17 -> 12.38349 | K17: =I17+J17 -> 12.38349
A18: COMPOSICAO | B18: 88309 | C18: PEDREIRO COM ENCARGOS COMPLEMENTARES | D18: H | E18: 2.024 | F18: 0 | G18: 40.19 | H18: =F18+G18 -> 40.19 | I18: =F18*E18 -> 0 | J18: =G18*E18 -> 81.34456 | K18: =I18+J18 -> 81.34456
A19: COMPOSICAO | B19: 88316 | C19: SERVENTE COM ENCARGOS COMPLEMENTARES | D19: H | E19: 1.5 | F19: 0 | G19: 31.41 | H19: =F19+G19 -> 31.41 | I19: =F19*E19 -> 0 | J19: =G19*E19 -> 47.115 | K19: =I19+J19 -> 47.115
A20: COMPOSICAO | B20: 88629 | C20: ARGAMASSA TRAÇO 1:3 (EM VOLUME DE CIMENTO E AREIA MÉDIA ÚMIDA), PREPARO MANUAL. AF_07/2026 | D20: M3 | E20: 0.0229 | F20: 507.28 | G20: 386.77 | H20: =F20+G20 -> 894.05 | I20: =F20*E20 -> 11.616712 | J20: =G20*E20 -> 8.857033 | K20: =I20+J20 -> 20.473745
A21: INSUMO | B21: 12759 | C21: CHAPA ACO INOX AISI 304 NUMERO 9 (E = 4 MM), ACABAMENTO NUMERO 1 (LAMINADO A QUENTE, FOSCO) | D21: M2 | E21: =0.4*0.9 -> 0.36 | F21: 1027.3 | G21: 0 | H21: =F21+G21 -> 1027.3 | I21: =F21*E21 -> 369.828 | J21: =G21*E21 -> 0 | K21: =I21+J21 -> 369.828
A22: INSUMO | B22: 4791 | C22: ADESIVO ACRILICO DE BASE AQUOSA / COLA DE CONTATO | D22: KG | E22: 0.01 | F22: 39.72 | G22: 0 | H22: =F22+G22 -> 39.72 | I22: =F22*E22 -> 0.3972 | J22: =G22*E22 -> 0 | K22: =I22+J22 -> 0.3972
A23: INSUMO | B23: 20017 | C23: GUARNICAO / ALIZAR / VISTA LISA EM MADEIRA MACICA, PARA PORTA, E = *1* CM, L = *5* CM, CEDRINHO / ANGELIM COMERCIAL / TAURI/ CURUPIXA / PEROBA / CUMARU OU EQUIVALENTE DA REGIAO | D23: M | E23: 10.4 | F23: 10.9 | G23: 0 | H23: =F23+G23 -> 10.9 | I23: =F23*E23 -> 113.36 | J23: =G23*E23 -> 0 | K23: =I23+J23 -> 113.36
I24: =SUM(I16:I23) -> 1220.1419 | J24: =SUM(J16:J23) -> 149.70008 | K24: =SUM(K16:K23) -> 1369.842
A26: 02. ESTRUTURA METÁLICA EM PERFIL LAMINADO OU SOLDADO EM AÇO ESTRUTURAL, INCLUSO TRANSPORTE E IÇAMENTO
A27: DESC. | H27: UNIDADE | I27: UN
B28: COD | C28: SERVIÇO | D28: UN | E28: QTD | F28: VALOR MAT+EQ | G28: VALOR M.O | H28: VALOR UN | I28: VT MAT+EQ | J28: VT M.O | K28: VT
A29: COMPOSICAO | B29: 88240 | C29: AJUDANTE DE ESTRUTURA METÁLICA COM ENCARGOS COMPLEMENTARES | D29: H | E29: 0.0047 | F29: 0 | G29: 31.85 | H29: =F29+G29 -> 31.85 | I29: =F29*E29 -> 0 | J29: =G29*E29 -> 0.149695 | K29: =I29+J29 -> 0.149695
A30: COMPOSICAO | B30: 88278 | C30: MONTADOR DE ESTRUTURAS METÁLICAS COM ENCARGOS COMPLEMENTARES | D30: H | E30: 0.029 | F30: 0 | G30: 35.27 | H30: =F30+G30 -> 35.27 | I30: =F30*E30 -> 0 | J30: =G30*E30 -> 1.02283 | K30: =I30+J30 -> 1.02283
A31: COMPOSICAO | B31: 93287 | C31: GUINDASTE HIDRÁULICO AUTOPROPELIDO, COM LANÇA TELESCÓPICA 40 M, CAPACIDADE MÁXIMA 60 T, POTÊNCIA 260 KW - CHP DIURNO. AF_03/2016 | D31: CHP | E31: 0.0041 | F31: 320.16 | G31: 48.52 | H31: =F31+G31 -> 368.68 | I31: =F31*E31 -> 1.312656 | J31: =G31*E31 -> 0.198932 | K31: =I31+J31 -> 1.511588
A32: COMPOSICAO | B32: 93288 | C32: GUINDASTE HIDRÁULICO AUTOPROPELIDO, COM LANÇA TELESCÓPICA 40 M, CAPACIDADE MÁXIMA 60 T, POTÊNCIA 260 KW - CHI DIURNO. AF_03/2016 | D32: CHI | E32: 0.0038 | F32: 148.94 | G32: 48.52 | H32: =F32+G32 -> 197.46 | I32: =F32*E32 -> 0.565972 | J32: =G32*E32 -> 0.184376 | K32: =I32+J32 -> 0.750348
A33: COMPOSICAO | B33: 100716 | C33: JATEAMENTO ABRASIVO COM GRANALHA DE AÇO EM PERFIL METÁLICO EM FÁBRICA. AF_01/2020 | D33: M² | E33: 0.0358 | F33: 20.52 | G33: 5.48 | H33: =F33+G33 -> 26 | I33: =F33*E33 -> 0.734616 | J33: =G33*E33 -> 0.196184 | K33: =I33+J33 -> 0.9308
A34: COMPOSICAO | B34: 100719 | C34: PINTURA COM TINTA ALQUÍDICA DE FUNDO (TIPO ZARCÃO) PULVERIZADA SOBRE PERFIL METÁLICO EXECUTADO EM FÁBRICA (POR DEMÃO). AF_01/2020_PE | D34: M² | E34: 0.0358 | F34: 10.61 | G34: 2.64 | H34: =F34+G34 -> 13.25 | I34: =F34*E34 -> 0.379838 | J34: =G34*E34 -> 0.094512 | K34: =I34+J34 -> 0.47435
A35: INSUMO / SP | B35: 442 | C35: PARAFUSO FRANCES M16 EM ACO GALVANIZADO, COMPRIMENTO = 45 MM, DIAMETRO = 16 MM, CABECA ABAULADA | D35: UN | E35: 0.051 | F35: 6.12 | G35: 0 | H35: =F35+G35 -> 6.12 | I35: =F35*E35 -> 0.31212 | J35: =G35*E35 -> 0 | K35: =I35+J35 -> 0.31212
A36: INSUMO / SP | B36: 4777 | C36: CANTONEIRA ACO ABAS IGUAIS (QUALQUER BITOLA), ESPESSURA ENTRE 1/8" E 1/4" | D36: KG | E36: 0.030548 | F36: 8.02 | G36: 0 | H36: =F36+G36 -> 8.02 | I36: =F36*E36 -> 0.24499496 | J36: =G36*E36 -> 0 | K36: =I36+J36 -> 0.24499496
A37: INSUMO / SP | B37: 43082 | C37: PERFIL "I" OU "W" EM ACO LAMINADO, QUAISQUER DIMENSOES | D37: KG | E37: 1.091 | F37: 10 | G37: 0 | H37: =F37+G37 -> 10 | I37: =F37*E37 -> 10.91 | J37: =G37*E37 -> 0 | K37: =I37+J37 -> 10.91
I38: =SUM(I29:I37) -> 14.460197 | J38: =SUM(J29:J37) -> 1.846529 | K38: =SUM(K29:K37) -> 16.306726
A40: 03. PORTA DE ALUMÍNIO DE ABRIR PARA VIDRO SEM GUARNIÇÃO, FIXAÇÃO COM PARAFUSOS, INCLUSIVE VIDROS - FORNECIMENTO E INSTALAÇÃO. AF_12/2019
A41: DESC. | H41: UNIDADE | I41: M2
B42: COD | C42: SERVIÇO | D42: UN | E42: QTD | F42: VALOR MAT+EQ | G42: VALOR M.O | H42: VALOR UN | I42: VT MAT+EQ | J42: VT M.O | K42: VT
A43: INSUMO | B43: 142 | C43: SELANTE ELASTICO MONOCOMPONENTE A BASE DE POLIURETANO (PU) PARA JUNTAS DIVERSAS | D43: 310ML | E43: 0.89 | F43: 38.65 | G43: 0 | H43: =F43+G43 -> 38.65 | I43: =F43*E43 -> 34.3985 | J43: =G43*E43 -> 0 | K43: =I43+J43 -> 34.3985
A44: INSUMO | B44: 7568 | C44: BUCHA DE NYLON SEM ABA S10, COM PARAFUSO DE 6,10 X 65 MM EM ACO ZINCADO COM ROSCA SOBERBA, CABECA CHATA E FENDA PHILLIPS | D44: UN | E44: 4.84 | F44: 0.98 | G44: 0 | H44: =F44+G44 -> 0.98 | I44: =F44*E44 -> 4.7432 | J44: =G44*E44 -> 0 | K44: =I44+J44 -> 4.7432
A45: INSUMO | B45: 39024 | C45: (ADAPTADO PARA 150 X 280 CM) PORTA DE ABRIR EM ALUMINIO COM DIVISAO HORIZONTAL PARA VIDROS, ACABAMENTO ANODIZADO NATURAL, VIDROS INCLUSOS, SEM GUARNICAO/ALIZAR/VISTA , 87 X 210 CM | D45: UN | E45: 0.55 | F45: 1308.02 | G45: 0 | H45: =F45+G45 -> 1308.02 | I45: =F45*E45 -> 719.411 | J45: =G45*E45 -> 0 | K45: =I45+J45 -> 719.411
A46: COMPOSICAO | B46: 88309 | C46: PEDREIRO COM ENCARGOS COMPLEMENTARES | D46: H | E46: 0.36 | F46: 0 | G46: 40.19 | H46: =F46+G46 -> 40.19 | I46: =F46*E46 -> 0 | J46: =G46*E46 -> 14.4684 | K46: =I46+J46 -> 14.4684
A47: COMPOSICAO | B47: 88316 | C47: SERVENTE COM ENCARGOS COMPLEMENTARES | D47: H | E47: 0.18 | F47: 0 | G47: 31.41 | H47: =F47+G47 -> 31.41 | I47: =F47*E47 -> 0 | J47: =G47*E47 -> 5.6538 | K47: =I47+J47 -> 5.6538
A48: INSUMO | B48: 36888 | C48: GUARNICAO / MOLDURA / ARREMATE DE ACABAMENTO PARA ESQUADRIA, EM ALUMINIO PERFIL 25, ACABAMENTO ANODIZADO BRANCO OU BRILHANTE, PARA 1 FACE | D48: M | E48: =2.202*E46 -> 0.79272 | F48: 58.43 | G48: 0 | H48: =F48+G48 -> 58.43 | I48: =F48*E48 -> 46.31863 | J48: =G48*E48 -> 0 | K48: =I48+J48 -> 46.31863
I49: =SUM(I43:I48) -> 804.87133 | J49: =SUM(J43:J48) -> 20.1222 | K49: =SUM(K43:K48) -> 824.99353
A51: 04.CANTONEIRA ALUMINIO ABAS IGUAIS 1 ", E = 3 /16 "
A52: DESC. | B52: CANTONEIRA PARA PILARES NAS SALAS DE AULA E AMBIENTES COM REVESTIMENTO CERÂMICO DE PAREDE | H52: UNIDADE | I52: M
B53: COD | C53: SERVIÇO | D53: UN | E53: QTD | F53: VALOR MAT+EQ | G53: VALOR M.O | H53: VALOR UN | I53: VT MAT+EQ | J53: VT M.O | K53: VT
A54: INSUMO | B54: 586 | C54: CANTONEIRA EM ALUMINIO, ABAS IGUAIS, LARGURA DE 25,40 MM (1"), ESPESSURA DE 4,76 MM (3/16") E PESO LINEAR DE APROXIMADAMENTE 0,593 KG/M | D54: M | E54: 1 | F54: 30.89 | G54: 0 | H54: =F54+G54 -> 30.89 | I54: =F54*E54 -> 30.89 | J54: =G54*E54 -> 0 | K54: =I54+J54 -> 30.89
A55: INSUMO | B55: 39961 | C55: SILICONE ACETICO USO GERAL INCOLOR 280 G | D55: UN | E55: 0.2 | F55: 25.54 | G55: 0 | H55: =F55+G55 -> 25.54 | I55: =F55*E55 -> 5.108 | J55: =G55*E55 -> 0 | K55: =I55+J55 -> 5.108
A56: INSUMO | B56: 5066 | C56: PREGO DE ACO POLIDO COM CABECA 12 X 12 | D56: KG | E56: 0.003 | F56: 21.98 | G56: 0 | H56: =F56+G56 -> 21.98 | I56: =F56*E56 -> 0.06594 | J56: =G56*E56 -> 0 | K56: =I56+J56 -> 0.06594
A57: COMPOSICAO | B57: 88316 | C57: SERVENTE COM ENCARGOS COMPLEMENTARES | D57: H | E57: 0.17 | F57: 0 | G57: 31.41 | H57: =F57+G57 -> 31.41 | I57: =F57*E57 -> 0 | J57: =G57*E57 -> 5.3397 | K57: =I57+J57 -> 5.3397
I58: =ROUND(SUM(I54:I57),2) -> 36.06 | J58: =ROUND(SUM(J54:J57),2) -> 5.34 | K58: =ROUND(SUM(K54:K57),2) -> 41.4
A60: 05. ABRIGO PARA GÁS GLP 13KG
A61: DESC. | B61: ABRIGO PARA GÁS GLP | H61: UNIDADE | I61: UN
B62: COD | C62: SERVIÇO | D62: UN | E62: QTD | F62: VALOR MAT+EQ | G62: VALOR M.O | H62: VALOR UN | I62: VT MAT+EQ | J62: VT M.O | K62: VT
A63: COMPOSIÇÃO | B63: 103320 | C63: ALVENARIA DE VEDAÇÃO DE BLOCOS VAZADOS DE CONCRETO DE 19X19X39 CM (ESPESSURA 19 CM) E ARGAMASSA DE ASSENTAMENTO COM PREPARO EM BETONEIRA. AF_12/2021 | D63: M2 | E63: 3.08 | F63: 69.54 | G63: 65.46 | H63: =F63+G63 -> 135 | I63: =F63*E63 -> 214.1832 | J63: =G63*E63 -> 201.6168 | K63: =I63+J63 -> 415.8
A64: COMPOSIÇÃO | B64: 101964 | C64: LAJE PRÉ-MOLDADA UNIDIRECIONAL, BIAPOIADA, PARA FORRO, ENCHIMENTO EM CERÂMICA, VIGOTA CONVENCIONAL, ALTURA TOTAL DA LAJE "LT" = 12 CM (ENCHIMENTO+CAPA) = (8+4). AF_08/2025 | D64: M2 | E64: 0.7 | F64: 143.46 | G64: 53.19 | H64: =F64+G64 -> 196.65 | I64: =F64*E64 -> 100.422 | J64: =G64*E64 -> 37.233 | K64: =I64+J64 -> 137.655
A65: COMPOSIÇÃO | B65: 10891 ORSE | C65: PORTÃO DE ABRIR, 2 FOLHAS, COM QUADRO EM TUBO GALVANIZADO 2", COM BARRA QUADRADA DE 3/4" NA VERTICAL E ESTICADOR REDONDO DE 3/4", INCLUSIVE FECHADURA E DOBRADIÇAS | D65: M2 | E65: 0.42 | F65: 388.26 | G65: =69.04+76.99+5.56 -> 151.59 | H65: =F65+G65 -> 539.85 | I65: =F65*E65 -> 163.0692 | J65: =G65*E65 -> 63.6678 | K65: =I65+J65 -> 226.737
A66: COMPOSIÇÃO | B66: 88485 | C66: FUNDO SELADOR ACRÍLICO, APLICAÇÃO MANUAL EM PAREDE, UMA DEMÃO. AF_04/2023 | D66: M2 | E66: 3.08 | F66: 1.53 | G66: 3.46 | H66: =F66+G66 -> 4.99 | I66: =F66*E66 -> 4.7124 | J66: =G66*E66 -> 10.6568 | K66: =I66+J66 -> 15.3692
A67: COMPOSIÇÃO | B67: 88489 | C67: PINTURA LÁTEX ACRÍLICA PREMIUM, APLICAÇÃO MANUAL EM PAREDES, DUAS DEMÃOS. AF_04/2023 | D67: M2 | E67: 3.08 | F67: 6.89 | G67: 8.49 | H67: =F67+G67 -> 15.38 | I67: =F67*E67 -> 21.2212 | J67: =G67*E67 -> 26.1492 | K67: =I67+J67 -> 47.3704
A68: COMPOSIÇÃO | B68: 14319 ORSE | C68: REGISTRO ESFERA BORBOLETA 90°, 1/2" NPT (MACHO) X 3/8", ENTRADA E SAÍDA BICO DA MANGUEIRA, PARA INSTALAÇÃO DE GÁS | D68: UN | E68: 1 | F68: 36.62 | G68: 0 | H68: =F68+G68 -> 36.62 | I68: =F68*E68 -> 36.62 | J68: =G68*E68 -> 0 | K68: =I68+J68 -> 36.62
A69: COMPOSIÇÃO | B69: 97336 | C69: TUBO EM COBRE RÍGIDO, DN 28 MM, CLASSE A, SEM ISOLAMENTO, INSTALADO EM PRUMADA DE GÁS COMBUSTÍVEL - FORNECIMENTO E INSTALAÇÃO. AF_04/2022 | D69: M | E69: 3.3 | F69: 137.9 | G69: 4.09 | H69: =F69+G69 -> 141.99 | I69: =F69*E69 -> 455.07 | J69: =G69*E69 -> 13.497 | K69: =I69+J69 -> 468.567
A70: COMPOSIÇÃO | B70: 91170 | C70: FIXAÇÃO DE TUBOS HORIZONTAIS DE PVC ÁGUA, PVC ESGOTO, PVC ÁGUA PLUVIAL, CPVC, PPR, COBRE OU AÇO, DIÂMETROS MENORES OU IGUAIS A 40 MM, COM ABRAÇADEIRA METÁLICA RÍGIDA TIPO U PERFIL 1 1/4", FIXADA EM PERFILADO EM LAJE. AF_09/2023_PS | D70: M | E70: =E69 -> 3.3 | F70: 3.12 | G70: 9.93 | H70: =F70+G70 -> 13.05 | I70: =F70*E70 -> 10.296 | J70: =G70*E70 -> 32.769 | K70: =I70+J70 -> 43.065
I71: =SUM(I63:I70) -> 1005.594 | J71: =SUM(J63:J70) -> 385.5896 | K71: =SUM(K63:K70) -> 1391.1836
A73: 06. PISO PODOTÁTIL DE ALERTA OU DIRECIONAL, DE BORRACHA DIM 25X25CM
A74: DESC. | H74: UNIDADE | I74: M2
B75: COD | C75: SERVIÇO | D75: UN | E75: QTD | F75: VALOR MAT+EQ | G75: VALOR M.O | H75: VALOR UN | I75: VT MAT+EQ | J75: VT M.O | K75: VT
A76: COMPOSICAO | B76: 101094 | C76: PISO PODOTÁTIL DE ALERTA OU DIRECIONAL, DE BORRACHA, ASSENTADO SOBRE ARGAMASSA. AF_02/2026 | D76: M | E76: =0.25*0.25*(1/(0.25))*(1.1) -> 0.275 | F76: 129.59 | G76: 63.88 | H76: =F76+G76 -> 193.47 | I76: =F76*E76 -> 35.63725 | J76: =G76*E76 -> 17.567 | K76: =I76+J76 -> 53.20425
A77: INSUMO | B77: 88309 | C77: PEDREIRO COM ENCARGOS COMPLEMENTARES | D77: H | E77: 0.44 | F77: 0 | G77: 40.19 | H77: =F77+G77 -> 40.19 | I77: =F77*E77 -> 0 | J77: =G77*E77 -> 17.6836 | K77: =I77+J77 -> 17.6836
A78: INSUMO | B78: 88316 | C78: SERVENTE COM ENCARGOS COMPLEMENTARES | D78: H | E78: 0.22 | F78: 0 | G78: 31.41 | H78: =F78+G78 -> 31.41 | I78: =F78*E78 -> 0 | J78: =G78*E78 -> 6.9102 | K78: =I78+J78 -> 6.9102
A79: COMPOSICAO | B79: 4791 | C79: ADESIVO ACRILICO DE BASE AQUOSA / COLA DE CONTATO | D79: KG | E79: =ROUND(0.35*0.28*1.3,2) -> 0.13 | F79: 0 | G79: 39.72 | H79: =F79+G79 -> 39.72 | I79: =F79*E79 -> 0 | J79: =G79*E79 -> 5.1636 | K79: =I79+J79 -> 5.1636
I80: =SUM(I76:I79) -> 35.63725 | J80: =SUM(J76:J79) -> 47.3244 | K80: =SUM(K76:K79) -> 82.96165
A82: 07. PISO PODOTÁTIL DE ALERTA OU DIRECIONAL, DE CONCRETO, DIM 25X25CM, ASSENTADO SOBRE ARGAMASSA.
A83: DESC. | H83: UNIDADE | I83: M2
B84: COD | C84: SERVIÇO | D84: UN | E84: QTD | F84: VALOR MAT+EQ | G84: VALOR M.O | H84: VALOR UN | I84: VT MAT+EQ | J84: VT M.O | K84: VT
A85: INSUMO | B85: 34353 | C85: ARGAMASSA COLANTE AC II | D85: KG | E85: =8.62*1.6 -> 13.792 | F85: 1.56 | G85: 0 | H85: =F85+G85 -> 1.56 | I85: =F85*E85 -> 21.51552 | J85: =G85*E85 -> 0 | K85: =I85+J85 -> 21.51552
A86: INSUMO | B86: 34357 | C86: REJUNTE CIMENTICIO, QUALQUER COR | D86: KG | E86: =0.24*1.6 -> 0.384 | F86: 4.22 | G86: 0 | H86: =F86+G86 -> 4.22 | I86: =F86*E86 -> 1.62048 | J86: =G86*E86 -> 0 | K86: =I86+J86 -> 1.62048
A87: COMPOSICAO | B87: 104658 | C87: PISO PODOTÁTIL DE ALERTA OU DIRECIONAL, DE CONCRETO, ASSENTADO SOBRE ARGAMASSA. AF_03/2024 | D87: M2 | E87: 1.05 | F87: 95.54 | G87: 65.84 | H87: =F87+G87 -> 161.38 | I87: =F87*E87 -> 100.317 | J87: =G87*E87 -> 69.132 | K87: =I87+J87 -> 169.449
A88: COMPOSICAO | B88: 88309 | C88: PEDREIRO COM ENCARGOS COMPLEMENTARES | D88: H | E88: 0.639 | F88: 0 | G88: 40.19 | H88: =F88+G88 -> 40.19 | I88: =F88*E88 -> 0 | J88: =G88*E88 -> 25.68141 | K88: =I88+J88 -> 25.68141
A89: COMPOSICAO | B89: 88316 | C89: SERVENTE COM ENCARGOS COMPLEMENTARES | D89: H | E89: 1.279 | F89: 0 | G89: 31.41 | H89: =F89+G89 -> 31.41 | I89: =F89*E89 -> 0 | J89: =G89*E89 -> 40.17339 | K89: =I89+J89 -> 40.17339
I90: =SUM(I85:I89) -> 123.453 | J90: =SUM(J85:J89) -> 134.9868 | K90: =SUM(K85:K89) -> 258.4398
A92: 08. PLACA / CHAPA DE GESSO ACARTONADO, RESISTENTE A UMIDADE (RU), COR VERDE, E = 12,5 MM, 1200 X 2400 MM (L X C)
A93: DESC. | B93: FORRO EM DRYWALL RESISTENTEÀ ÁGUA NO BEIRAL DA FACHADA | H93: UNIDADE | I93: M²
B94: COD | C94: SERVIÇO | D94: UN | E94: QTD | F94: VALOR MAT+EQ | G94: VALOR M.O | H94: VALOR UN | I94: VT MAT+EQ | J94: VT M.O | K94: VT
A95: COMPOSICAO | B95: 88316 | C95: SERVENTE COM ENCARGOS COMPLEMENTARES | D95: H | E95: 0.5456 | F95: 0 | G95: 31.41 | H95: =F95+G95 -> 31.41 | I95: =F95*E95 -> 0 | J95: =G95*E95 -> 17.137296 | K95: =H95*E95 -> 17.137296
A96: COMPOSICAO | B96: 88278 | C96: MONTADOR DE ESTRUTURAS METÁLICAS COM ENCARGOS COMPLEMENTARES | D96: H | E96: 0.5456 | F96: 0 | G96: 36.95 | H96: =F96+G96 -> 36.95 | I96: =F96*E96 -> 0 | J96: =G96*E96 -> 20.15992 | K96: =H96*E96 -> 20.15992
A97: INSUMO | B97: 43131 | C97: ARAME GALVANIZADO 6 BWG, D = 5,16 MM (0,157 KG/M), OU 8 BWG, D = 4,19 MM (0,101 KG/M), OU 10 BWG, D = 3,40 MM (0,0713 KG/M) | D97: KG | E97: 0.0616 | F97: 31.94 | G97: 0 | H97: =F97+G97 -> 31.94 | I97: =F97*E97 -> 1.967504 | J97: =G97*E97 -> 0 | K97: =H97*E97 -> 1.967504
A98: INSUMO | B98: 40547 | C98: PARAFUSO ZINCADO, AUTO BROCANTE, FLANGEADO, 4,2 MM X 19 MM | D98: CENTO | E98: 0.0204 | F98: 24.62 | G98: 0 | H98: =F98+G98 -> 24.62 | I98: =F98*E98 -> 0.502248 | J98: =G98*E98 -> 0 | K98: =H98*E98 -> 0.502248
A99: INSUMO | B99: 39443 | C99: PARAFUSO DRY WALL, EM ACO ZINCADO, CABECA LENTILHA E PONTA BROCA (LB), LARGURA 4,2 MM, COMPRIMENTO 13 MM | D99: UN | E99: 2.0446 | F99: 0.21 | G99: 0 | H99: =F99+G99 -> 0.21 | I99: =F99*E99 -> 0.429366 | J99: =G99*E99 -> 0 | K99: =H99*E99 -> 0.429366
A100: INSUMO | B100: 39435 | C100: PARAFUSO DRY WALL, EM ACO FOSFATIZADO, CABECA TROMBETA E PONTA AGULHA (TA), COMPRIMENTO 25 MM | D100: UN | E100: 9.6469 | F100: 0.09 | G100: 0 | H100: =F100+G100 -> 0.09 | I100: =F100*E100 -> 0.868221 | J100: =G100*E100 -> 0 | K100: =H100*E100 -> 0.868221
A101: INSUMO | B101: 39434 | C101: MASSA DE REJUNTE EM PO PARA DRYWALL, A BASE DE GESSO, SECAGEM RAPIDA, PARA TRATAMENTO DE JUNTAS DE CHAPA DE GESSO (NECESSITA ADICAO DE AGUA) | D101: KG | E101: 0.6926 | F101: 4 | G101: 0 | H101: =F101+G101 -> 4 | I101: =F101*E101 -> 2.7704 | J101: =G101*E101 -> 0 | K101: =H101*E101 -> 2.7704
A102: INSUMO | B102: 39432 | C102: FITA DE PAPEL REFORCADA COM LAMINA DE METAL PARA REFORCO DE CANTOS DE CHAPA DE GESSO PARA DRYWALL | D102: M | E102: 1.4276 | F102: 3.19 | G102: 0 | H102: =F102+G102 -> 3.19 | I102: =F102*E102 -> 4.554044 | J102: =G102*E102 -> 0 | K102: =H102*E102 -> 4.554044
A103: INSUMO | B103: 39430 | C103: PENDURAL OU PRESILHA REGULADORA, EM ACO GALVANIZADO, COM CORPO, MOLA E REBITE, PARA PERFIL TIPO CANALETA DE ESTRUTURA EM FORROS DRYWALL | D103: UN | E103: 2.0446 | F103: 2.29 | G103: 0 | H103: =F103+G103 -> 2.29 | I103: =F103*E103 -> 4.682134 | J103: =G103*E103 -> 0 | K103: =H103*E103 -> 4.682134
A104: INSUMO | B104: 39427 | C104: PERFIL CANALETA, FORMATO C, EM ACO ZINCADO, PARA ESTRUTURA FORRO DRYWALL, E = 0,5 MM, *46 X 18* (L X H), COMPRIMENTO 3 M | D104: M | E104: 2.2212 | F104: 6.09 | G104: 0 | H104: =F104+G104 -> 6.09 | I104: =F104*E104 -> 13.527108 | J104: =G104*E104 -> 0 | K104: =H104*E104 -> 13.527108
A105: INSUMO | B105: 39417 | C105: PLACA / CHAPA DE GESSO ACARTONADO, RESISTENTE A UMIDADE (RU), COR VERDE, E = 12,5 MM, 1200 X 2400 MM (L X C) | D105: M | E105: 1.0838 | F105: 30.46 | G105: 0 | H105: =F105+G105 -> 30.46 | I105: =F105*E105 -> 33.012548 | J105: =G105*E105 -> 0 | K105: =H105*E105 -> 33.012548
I106: =SUM(I95:I105) -> 62.313573 | J106: =SUM(J95:J105) -> 37.297216 | K106: =SUM(K95:K105) -> 99.610789
A108: 09. LUMINÁRIA TIPO CALHA, DE SOBREPOR, COM 2 LÂMPADAS TUBULARES LED DE 18 W, SEM REATOR - FORNECIMENTO E INSTALAÇÃO
A109: DESC. | B109: LUMINÁRIA TIPO CALHA, 2X18W LED | E109: BASE: SINAPI 100910 | H109: UNIDADE | I109: UN
B110: COD | C110: SERVIÇO | D110: UN | E110: QTD | F110: VALOR MAT+EQ | G110: VALOR M.O | H110: VALOR UN | I110: VT MAT+EQ | J110: VT M.O | K110: VT
A111: COMPOSICAO | B111: 88264 | C111: ELETRICISTA COM ENCARGOS COMPLEMENTARES | D111: H | E111: 0.5388 | F111: 0 | G111: 40.67 | H111: =F111+G111 -> 40.67 | I111: =F111*E111 -> 0 | J111: =G111*E111 -> 21.912996 | K111: =H111*E111 -> 21.912996
A112: COMPOSICAO | B112: 88247 | C112: AUXILIAR DE ELETRICISTA COM ENCARGOS COMPLEMENTARES | D112: H | E112: 0.168375 | F112: 0 | G112: 33.62 | H112: =F112+G112 -> 33.62 | I112: =F112*E112 -> 0 | J112: =G112*E112 -> 5.6607675 | K112: =H112*E112 -> 5.6607675
...

Sheet COTAÇÕES
B3: UNIVERSIDADE ESTADUAL DO NORTE DO PARANÁ
B4: CNPJ: 08.885.100/0001-54
B5: OBRA : BLOCO ADMINISTRATIVO DO CCSEN
B6: Local: Campus de Cornélio Procópio - CCP
B7: Data do orçamento:SETEMBRO/2026
B8: SINAPI_Referência_2026_07_não desonerado
A10: RESPONSÁVEL TÉCNICO Henrique F. Ximenes de Andrade Bilbao Engenheiro Civil CREA PR 160.587/D | C10: RESPONSÁVEL TÉCNICO Amanda Alves da Silva Arquiteta e Urbanista CAU A145138-3 | D10: RESPONSÁVEL TÉCNICO Maicon Junior Hochscheidt Engenheiro Civil CREA/PR-189719/D
A12: COTAÇÕES EXTERNAS
A14: COTAÇÃO 01
A15: DESC. | B15: CENTRAL DE ILUMINAÇÃO DE EMERGÊNCIA - 600W 12 V - MODELO REF. SIEK 1206 | E15: UN: UNITÁRIO
B16: EMPRESA 01 | C16: EMPRESA 02 | D16: EMPRESA 03 | E16: VALOR MÉDIO
A17: NOME | B17: KHRONOS INDÚSTRIA COMÉRCIO E SERVIÇOS EM ELETRÔNICA LTDA | C17: CASA FERNANDES COMÉRCIO E SERVIÇOS DE ENGENHARIA | D17: GESIMA MATERIAL ELÉTRICO | E17: =AVERAGE(B21:D21) -> 453.28
A18: CPF/CNPJ | B18: 78.323.094/0004-70 | C18: 22.355.551/0001-00 | D18: 88.230.545/0001-35
A19: CONTATO | B19: https://loja.grupokhronos.com.br/central-de-iluminacao-de-emergencia-siek-1206/p?srsltid=AfmBOoo0RTDDh4owSJHVIFppxEBV49RuuZRWwLXd9EKMMo1T9jZ7ZN7i | C19: https://mapeengenharia.com.br/loja/produto/central-coletiva-siek-1206/ | D19: https://gasima.com.br/produtos/cs-central-ilum-emerg-600w-12v-siek1206/
A20: DATA PROP. | B20: 46199 | C20: 46199 | D20: 46199
A21: VALOR | B21: 415.64 | C21: 423.3 | D21: 520.9
A23: COTAÇÃO 02
A24: DESC. | B24: MINI GIBIC TRANSCEIVER SM DUPLEX MONOMODO TX/RX 1310NM | E24: UN:PÇ 1MT
B25: EMPRESA 01 | C25: EMPRESA 02 | D25: EMPRESA 03 | E25: VALOR MÉDIO
A26: NOME | B26: REI DO SFP | C26: CELETI EXPRESS | D26: RAICROM | E26: =AVERAGE(B30:D30) -> 130.39
A27: CPF/CNPJ | B27: 31.206.788/0001-10 | C27: 39.893.680/0002-36 | D27: 08.326.073.0001-80
A28: CONTATO | B28: https://www.reidosfp.com.br/sfp-sm-duplex-10g-1310nm-2-km-lc-ddm | C28: https://loja.celeti.com.br/products/sfp-10g-1310nm-2km-dom-duplex-lc-upc-smf?srsltid=AfmBOoq-PzmJCX2Ro81lKVITNSV7b8v5Xqys7u9C3Ftu_qX4TA5pw6aS | D28: https://www.raicrom.com.br/conectividade/fibra-sfp-10g-02km-lc-duplex-ddm-1310nm-sfp-10g-lr02d?srsltid=AfmBOop6FDtqO3lOZjRF_KKJ8RzWLrCatWocH9jZuu3uAG4ZTwXwyTZJ
A29: DATA PROP. | B29: 46255 | C29: 46255 | D29: 46255
A30: VALOR | B30: 140 | C30: 109 | D30: 142.17
A32: COTAÇÃO 03
A33: DESC. | B33: CORDÃO ÓPTICO DUPLEX LC/LC UCP SM MONOMODO 9/125 2,5MT | E33: UN:PÇ 1MT
B34: EMPRESA 01 | C34: EMPRESA 02 | D34: EMPRESA 03 | E34: VALOR MÉDIO
A35: NOME | B35: UNICASERV | C35: SOLUÇÃO CABOS | D35: CENTRAL CABOS | E35: =AVERAGE(B39:D39) -> 45.15
A36: CPF/CNPJ | B36: 07.709.614/0001-96 | C36: 00.559.915/0001-31 | D36: 08.626.431/0001-70
A37: CONTATO | B37: https://www.unicaserv.com.br/fibras-opticas/cordoes-opticos/cds-cordao-optico-duplex-sm-sc-upclc-upc-9125-2-5m | C37: https://www.solucaocabos.com.br/extensao-optica-duplex-lc-spc-sm-furukawa-250-metros/p?srsltid=AfmBOopjIZZM63WD8rcXjAEFngQRl7h4n13xsP7pZZG6B8M0nCkRC4e9 | D37: https://www.centralcabos.com.br/cordao-optico-duplex-sm-9-125-sc-sc-upc-2-50-metros/p
A38: DATA PROP. | B38: 46255 | C38: 46255 | D38: 46255
A39: VALOR | B39: 40.45 | C39: 60 | D39: 35
A41: COTAÇÃO 04
A42: DESC. | B42: MINI DIO 12 PORTAS 12FO | E42: UN:PÇ 1MT
B43: EMPRESA 01 | C43: EMPRESA 02 | D43: EMPRESA 03 | E43: VALOR MÉDIO
A44: NOME | B44: Solução Cabos | C44: Policabos | D44: UNICASERV | E44: =AVERAGE(B48:D48) -> 347.47
A45: CPF/CNPJ | B45: 00.559.915/0001-31 | C45: 07.034.260/0001-27 | D45: 07.709.614/0001-96
A46: CONTATO | B46: https://www.solucaocabos.com.br/dio-12fo-sc-upc-completo-padrao-rack-/p?idsku=16818&gad_source=1&gad_campaignid=22012104624&gbraid=0AAAAAolx81FBQf4T4A7cIMWupqhNtLpym&gclid=CjwKCAjw7p_UBhBlEiwAhpIs7yCN2oADcxX0wKEB76bP821rWg59SIS14pgSaqZk2dptRbezJQG3FBoCPogQAvD_BwE | C46: https://www.policabos.com.br/fibra-otica/dio-optico/dio-24-fibras?parceiro=8810&utm_campaign=Policabos_Shopping&utm_source=google&utm_medium=cpc&utm_term=&gad_source=1&gad_campaignid=23969155409&gbraid=0AAAAAoLD11EjKUbX0i0-CH5fF25V-dTg6&gclid=CjwKCAjw7p_UBhBlEiwAhpIs7xgQl0oU3vdsqhxAkEjKVktzIY6ToX5MverWwSfYM_VyGBne0HNK_xoCEksQAvD_BwE&variant_id=1923 | D46: https://www.unicaserv.com.br/fibras-opticas/dios-e-caixas-de-emenda/mini-dio-completo-scpc-para-12-fibras-sm-sc-upc-bandeja-pigtail-e-acopladores-azuis-?parceiro=3738
A47: DATA PROP. | B47: 46255 | C47: 46255 | D47: 46255
A48: VALOR | B48: 378.96 | C48: 472 | D48: 191.45
A50: COTAÇÃO 05
A51: DESC. | B51: PIG TAIL 1,5MT LC SIMPLEX SM 9/125 | E51: UN:PÇ 1MT
B52: EMPRESA 01 | C52: EMPRESA 02 | D52: EMPRESA 03 | E52: VALOR MÉDIO
A53: NOME | B53: LOJA MATEL | C53: UNICASERV | D53: MAGAZINE LUIZA | E53: =AVERAGE(B57:D57) -> 15.013333
A54: CPF/CNPJ | B54: 57.644.825/0001-66 | C54: 07.709.614/0001-96 | D54: 47.960.950/1088-36
A55: CONTATO | B55: https://www.lojamatel.com.br/produto/pigtail-spx-sm-9125-lc-upc-15m.html?srsltid=AfmBOoq2c18D2KLw79vlSCozROx_baRDU4PZa5TIONOf-lVyp3CTHtwJJXs | C55: https://www.unicaserv.com.br/fibras-opticas/extensoes-opticas/extensao-optica-simplex-sm-lc-apc-9-125-1-5m?parceiro=3738&gad_source=1&gad_campaignid=24007263533&gbraid=0AAAAADMVCf5HPKKmrzofsB3Tbkf-l1dex&gclid=CjwKCAjw7p_UBhBlEiwAhpIs7wDmQgAk8cKK5w43B9qkNO9-bg1KRzL226xNe0aJ_uxVTdblnge2thoCT0sQAvD_BwE | D55: https://www.magazineluiza.com.br/ess-extensao-optica-simplex-monomodo-buffer-09mm-pig-tail-150m-sm-lc-upc-pier-telecom/p/bceb97efc8/et/caop/?seller_id=piertelecom&srsltid=AfmBOop2J-S1o1tOq7NETPizGfvQ9S7hrbeEfEO2jjATSGEWCANCzM1OdLo
A56: DATA PROP. | B56: 46255 | C56: 46255 | D56: 46255
A57: VALOR | B57: 19.9 | C57: 11.45 | D57: 13.69
A59: COTAÇÃO 06
A60: DESC. | B60: SWITCH GERENCIÁVEL DE 48 PORTAS 10/100/1000 Mbps | E60: UN:PÇ 1MT
B61: EMPRESA 01 | C61: EMPRESA 02 | D61: EMPRESA 03 | E61: VALOR MÉDIO
A62: NOME | B62: UBIQUITI BRAZIL COMERCIO DE ELETRONICOS LTDA | C62: FOURSERV | D62: CENTRAL CABOS | E62: =AVERAGE(B66:D66) -> 4607.85
A63: CPF/CNPJ | B63: 33.166.730/0001-16 | C63: 05.229.845/0001-77 | D63: 08.626.431/0001-70
A64: CONTATO | B64: https://br.store.ui.com/br/pt/products/usw-48-poe | C64: https://www.fourserv.com.br/switch-huawei-48-portas-gigabit-4x-sfp-layer-2-gerenciavel-mpn-s310-48t4x/p?utm_source=google&utm_medium=cpc&utm_campaign=PMax%3A+Switches&gad_source=1&gad_campaignid=18631578224&gbraid=0AAAAAD9qFBkvpCHIaJ669zdU9wLAVG6J3&gclid=CjwKCAjw7p_UBhBlEiwAhpIs73Ul1JGkJwb9lRz09gxjVqPepTWjMIBjd9Xv0n4AcTnjx6WqWFN2khoC1vsQAvD_BwE | D64: https://www.centralcabos.com.br/switch-unifi-48-portas-gigabit-gerenciavel---4-sfp-layer-2/p
A65: DATA PROP. | B65: 46255 | C65: 46255 | D65: 46255
A66: VALOR | B66: 5199 | C66: 4037 | D66: 4587.55
A68: COTAÇÃO 07
A69: DESC. | B69: ACCESS PONT WI-FI CORPORATIVO TRI-BAND SIMULTÂNEO | E69: UN:PÇ 1MT
B70: EMPRESA 01 | C70: EMPRESA 02 | D70: EMPRESA 03 | E70: VALOR MÉDIO
A71: NOME | B71: MUNDO DA REDE | C71: UBIQUITI BRAZIL COMERCIO DE ELETRONICOS LTDA | D71: UPPER SEG | E71: =AVERAGE(B75:D75) -> 1712.7633
A72: CPF/CNPJ | B72: 14.688.361/0001-87 | C72: 33.166.730/0001-16 | D72: 17.354.683/0001-88
A73: CONTATO | B73: https://www.mundodarede.com.br/access-point-u7-pro-unifi-ubiquiti?utm_source=Site&utm_medium=GoogleMerchant&utm_campaign=GoogleMerchant&utm_source=&utm_medium=&utm_campaign=pmax-19-05&utm_content=&utm_term=&gad_source=1&gad_campaignid=23863709975&gbraid=0AAAABDMAMGoR4A_W0wimLdGeTQ0Av585B&gclid=CjwKCAjw7p_UBhBlEiwAhpIs7_1mezdtgCp_D__zNgn8tYChMqLsZraFyaFiwyzZPE_mNS1jBD7JYRoCuKQQAvD_BwE | C73: https://www.liztelecom.com.br/acess-point-unifi-u7-pro-ubiquiti?utm_source=Site&utm_medium=GoogleMerchant&utm_campaign=GoogleMerchant&utm_source=&utm_medium=&utm_campaign=PMAX-VALOR-DA-CONV&utm_content=&utm_term=&gad_source=1&gad_campaignid=24025102924&gbraid=0AAAABENOEFxNAp_BFFGiN0TmrNrxroi5X&gclid=CjwKCAjw7p_UBhBlEiwAhpIs70gA77rDGohBcYD99Dzw08ZO60vNcz93d6dRFH_XqN9iaxgFcU_JdRoChHwQAvD_BwE | D73: https://www.upperseg.com.br/informatica/roteadores-wireless/access-point/access-point-de-longo-alcance-wifi-7-unifi-u7-lr-long-range-ubiquiti/?gad_source=1&gad_campaignid=17071887064&gbraid=0AAAAADtWOg9ux5qLcn7u9Ku9dgv73N4JR&gclid=CjwKCAjw7p_UBhBlEiwAhpIs74N1NKc0SJoBpUCuhdvONFQSk7mzUjhQKjaBmignkGw4di3czFw0ThoCRpYQAvD_BwE
A74: DATA PROP. | B74: 46255 | C74: 46255 | D74: 46255
A75: VALOR | B75: 1549.99 | C75: 1649.99 | D75: 1938.31
A77: COTAÇÃO 08
A78: DESC. | B78: ESPAÇADOR LOSANGULAR POLIMÉRICO C/ GARRA 15KV 35-240MM2 | E78: UN:PÇ 1MT
B79: EMPRESA 01 | C79: EMPRESA 02 | D79: EMPRESA 03 | E79: VALOR MÉDIO
A80: NOME | B80: LOJA ELETRICA | C80: PLENOBRAS | D80: JUDYCABOS | E80: =AVERAGE(B84:D84) -> 38.43
A81: CPF/CNPJ | B81: 17.155.342/0011-55 | C81: 72.313.828/0001-00 | D81: 74.003.740/0003-80
A82: CONTATO | B82: https://www.lojaeletrica.com.br/espacador-losangular-auto-travante-50-150mm-15kv.html?mp_feed=MTozOkNPVmxWWTBFU0J4akI3ZW42VUd2ek1pM2wzMUlEdGpFWXBQSXZLTT0=&srsltid=AfmBOopJsNRCSbOP_76ywvFE8BdNhVqeKu5esBnI4Ekau1Gy2vCRIjY5KA0 | C82: https://www.plenobras.com.br/646a5aa0d496504d21df6d5a/espacador-losangular-polimerico-15-kv-para-cabo-coberto-sem-anel-(an-01)-rede-compacta-diametro:-1200a-3200-mm?srsltid=AfmBOorpinunM3dBe5eU1m4l47zqGm8KXVbAwAENnyQ2fUnQ32fTfB6BN7w | D82: https://judycabos.com.br/produto/espacador-losangular-polimerico-c-garra-15kv-rpc/
A83: DATA PROP. | B83: 46261 | C83: 46261 | D83: 46261
A84: VALOR | B84: 36.65 | C84: 39.64 | D84: 39
A86: COTAÇÃO 09
A87: DESC. | B87: CABO ALUMUNIO COBERTO XLPE 15KV 1X35,00M² | E87: UN:PÇ 1MT
B88: EMPRESA 01 | C88: EMPRESA 02 | D88: EMPRESA 03 | E88: VALOR MÉDIO
A89: NOME | B89: CONDUSCAMP | C89: CCABOS | D89: PLENO BRAS | E89: =AVERAGE(B93:D93) -> 9.6066667
A90: CPF/CNPJ | B90: 2.080.427/0001-72 | C90: 36.199.332/0001-94 | D90: 72.313.828/0001-00
A91: CONTATO | B91: https://loja.conduscamp.com.br/cabo-de-aluminio-protegido-35mm-tr-15kv-aereo-cinza-1/p?sku=6308708&srsltid=AfmBOornwSks6iHnhGhWDYaBlQ3aCPWhVNjllJyKfzVk1SeYxhy176L_0CM | C91: https://loja.ccabos.com.br/produtos/cabo-15kv-35mm-aluminio-protegido-uso-aereo-cinza// | D91: https://www.plenobras.com.br/6503ad00df6973c3d9c80558/cabo-aluminio-coberto-xlpe-90g-15-kv-1x-3500-mm-entre-arvores-cinza-nbr-11873-ecologico-greater-diam.nominal-1305-mm?srsltid=AfmBOoq5bQhzi-C7oNMYUtDR_2uJxQy1ZdiLEtOIrLheWhQ-LS6pBIIjVvE
A92: DATA PROP. | B92: 46261 | C92: 46261 | D92: 46261
A93: VALOR | B93: 10.65 | C93: 7.56 | D93: 10.61
A95: COTAÇÃO 10
A96: DESC. | B96: PATCH CORD CAT 6, U/UTP, 4 PARES, 24 AWG, 100% COBRE, RJ45 MACHO/MACHO, CONFORME ABNT NBR 14565 E ANSI/TIA-568.2-D. | E96: UN:PÇ 1MT
B97: EMPRESA 01 | C97: EMPRESA 02 | D97: EMPRESA 03 | E97: VALOR MÉDIO
A98: NOME | B98: FORTREK | C98: KABUM | D98: POLICABOS | E98: =AVERAGE(B102:D102) -> 18.923333
A99: CPF/CNPJ | B99: 01.725.627/0007-68 | C99: 05.570.714/0001-59 | D99: 07.034.260/0001-27
A100: CONTATO | B100: https://loja.fortrek.com.br/cabo-de-rede-patch-cord-cat6-fortrek-fkcat6-1-5m-internet-azul?gad_source=4&gad_campaignid=23546801924&gbraid=0AAAAADBMXD92g_MhbwjBu7xgKBUqG-_vz&gclid=CjwKCAjwqonVBhA4EiwA9wYJ3WwUeQYxeV1IA9e5x9SPOSVpL8yBq6T5vLlCpBcIJIOneh9HQfFehRoCDuAQAvD_BwE | C100: https://www.kabum.com.br/produto/347290/cabo-de-rede-patch-cord-cat-6-plus-cable-1-5m-azul-pc-eth6u15bl?gclsrc=aw.ds&gad_source=4&gad_campaignid=24027879827&gbraid=0AAAAADx-HyFuDj4ZJhlmrxaILFzxDybRd&gclid=CjwKCAjwqonVBhA4EiwA9wYJ3W3iqtjth_BA4nH5xexXlFD4CswRR2dudVoQ8dMTypwFfvKS-edrbRoCi_MQAvD_BwE | D100: https://www.policabos.com.br/cabo-de-rede/patch-cord-cat6?variant_id=1399&parceiro=8810&utm_campaign=23969155409&utm_source=adwords&utm_medium=201381930841&utm_term=&matchtype=&device=c&network=g&loc=9219866&placement=&utm_medium_name={cpc}&utm_source_name={google}&gad_source=4&gad_campaignid=23969155409&gbraid=0AAAAAoLD11HAJCSBzw1bsU1Vj35P1igz4&gclid=CjwKCAjwqonVBhA4EiwA9wYJ3YhL22ZscwKHDJxs0iismXplmB2YrDfAKnLEa0HzvEvFWdXI8vLNxBoCkLUQAvD_BwE
A101: DATA PROP. | B101: 46275 | C101: 46275 | D101: 46275
A102: VALOR | B102: 20.38 | C102: 9.42 | D102: 26.97
A104: COTAÇÃO 10
A105: DESC. | B105: PATCH CORD CAT 6, U/UTP, 4 PARES, 24 AWG, 100% COBRE, RJ45 MACHO/MACHO, CONFORME ABNT NBR 14565 E ANSI/TIA-568.2-D. | E105: UN:PÇ 1MT
B106: EMPRESA 01 | C106: EMPRESA 02 | D106: EMPRESA 03 | E106: VALOR MÉDIO
A107: NOME | B107: DHCP | C107: KABUM | D107: POLICABOS | E107: =AVERAGE(B111:D111) -> 35.31
A108: CPF/CNPJ | B108: 05.549.856/0001-34 | C108: 05.570.714/0001-59 | D108: 07.034.260/0001-27
A109: CONTATO | B109: https://www.dhcp.com.br/guia-de-cabos-19-maxmetal-4416-1u-50mm.html | C109: https://www.kabum.com.br/produto/467909/guia-de-cabos-paralelo-fechada-p-rack-de-telecom-1u-19-organizador?gclsrc=aw.ds&gad_source=4&gad_campaignid=23668683544&gbraid=0AAAAADx-HyF7xVFAos6iorHdwHU3xqmmQ&gclid=CjwKCAjwqonVBhA4EiwA9wYJ3Z39Un-us2qgvuMyDonDimKb2_6XtujXXdIhOVF9QPDy05q8CvsA3RoC27EQAvD_BwE | D109: https://www.policabos.com.br/racks/guia-de-cabo?parceiro=8810&utm_campaign=23969155409&utm_source=adwords&utm_medium=201381930841&utm_term=&matchtype=&device=c&network=g&loc=9219866&placement=&utm_medium_name={cpc}&utm_source_name={google}&gad_source=4&gad_campaignid=23969155409&gbraid=0AAAAAoLD11HAJCSBzw1bsU1Vj35P1igz4&gclid=CjwKCAjwqonVBhA4EiwA9wYJ3QmL4ZmPSWToG5oB-qSfjY-P9k2IDVftrfTkAoDfsezIsEuBOP7Z6hoClFUQAvD_BwE
A110: DATA PROP. | B110: 46275 | C110: 46275 | D110: 46275
A111: VALOR | B111: 28 | C111: 53.43 | D111: 24.5

Sheet CRONOGRAMA
D3: UNIVERSIDADE ESTADUAL DO NORTE DO PARANÁ
D4: CNPJ: 08.885.100/0001-54
D5: OBRA : BLOCO ADMINISTRATIVO DO CCSEN
D6: Local: Campus de Cornélio Procópio - CCP
D7: Data do orçamento:SETEMBRO/2026
D8: SINAPI_Referência_2026_07_não desonerado
I9: RESPONSÁVEL TÉCNICO Amanda Alves da Silva Arquiteta e Urbanista CAU A145138-3 | L9: RESPONSÁVEL TÉCNICO Maicon Junior Hochscheidt Engenheiro Civil CREA/PR-189719/D | O9: RESPONSÁVEL TÉCNICO Henrique F. Ximenes de Andrade Bilbao Engenheiro Civil CREA PR 160.587/D
E10: CRONOGRAMA FÍSICO- FINANCEIRO
B11: SERVIÇO/LOCAL | C11: Valores | D11: % | E11: MÊS 1 | G11: MÊS 2 | I11: MÊS 3 | K11: MÊS 4 | M11: MÊS 5 | O11: MÊS 6 | Q11: MÊS 7 | S11: MÊS 8 | U11: MÊS 9
E12: % | F12: R$ | G12: % | H12: R$ | I12: % | J12: R$ | K12: % | L12: R$ | M12: % | N12: R$ | O12: % | P12: R$ | Q12: % | R12: R$ | S12: % | T12: R$ | U12: % | V12: R$
A13: 1 | B13: =VLOOKUP(A13,ORÇAMENTO!$A$2:$M$448,2,FALSE()) -> ADMINISTRAÇÃO DA OBRA | C13: =VLOOKUP(A13,ORÇAMENTO!$A$2:$M$448,13,FALSE()) -> 0 | D13: =C13/$C$37 -> #DIV/0! | E13: 0.05 | F13: =IF(E13>0,E13*$C13," ") -> 0 | G13: 0.1 | H13: =IF(G13>0,G13*$C13," ") -> 0 | I13: 0.1 | J13: =IF(I13>0,I13*$C13," ") -> 0 | K13: 0.1 | L13: =IF(K13>0,K13*$C13," ") -> 0 | M13: 0.1 | N13: =IF(M13>0,M13*$C13," ") -> 0 | O13: 0.1 | P13: =IF(O13>0,O13*$C13," ") -> 0 | Q13: 0.1 | R13: =IF(Q13>0,Q13*$C13," ") -> 0 | S13: 0.15 | T13: =IF(S13>0,S13*$C13," ") -> 0 | U13: 0.2 | V13: =IF(U13>0,U13*$C13," ") -> 0 | W13: =E13+G13+I13+K13+M13+O13+Q13+S13+U13 -> 1
A14: 2 | B14: =VLOOKUP(A14,ORÇAMENTO!$A$2:$M$448,2,FALSE()) -> CANTEIRO DE OBRAS | C14: =VLOOKUP(A14,ORÇAMENTO!$A$2:$M$448,13,FALSE()) -> 0 | D14: =C14/$C$37 -> #DIV/0! | E14: 0.7 | F14: =IF(E14>0,E14*$C14," ") -> 0 | G14: 0.1 | H14: =IF(G14>0,G14*$C14," ") -> 0 | I14: 0.1 | J14: =IF(I14>0,I14*$C14," ") -> 0 | K14: 0.1 | L14: =IF(K14>0,K14*$C14," ") -> 0 | M14: 0 | N14: =IF(M14>0,M14*$C14," ") | O14: 0 | P14: =IF(O14>0,O14*$C14," ") | Q14: 0 | R14: =IF(Q14>0,Q14*$C14," ") | S14: 0 | T14: =IF(S14>0,S14*$C14," ") | U14: 0 | V14: =IF(U14>0,U14*$C14," ") | W14: =E14+G14+I14+K14+M14+O14+Q14+S14+U14 -> 1
A15: 3 | B15: =VLOOKUP(A15,ORÇAMENTO!$A$2:$M$448,2,FALSE()) -> SERVIÇOS PRELIMINARES E TERRAPLENAGEM | C15: =VLOOKUP(A15,ORÇAMENTO!$A$2:$M$448,13,FALSE()) -> 0 | D15: =C15/$C$37 -> #DIV/0! | E15: 0.1 | F15: =IF(E15>0,E15*$C15," ") -> 0 | G15: 0.5 | H15: =IF(G15>0,G15*$C15," ") -> 0 | I15: 0.4 | J15: =IF(I15>0,I15*$C15," ") -> 0 | K15: 0 | L15: =IF(K15>0,K15*$C15," ") | M15: 0 | N15: =IF(M15>0,M15*$C15," ") | O15: 0 | P15: =IF(O15>0,O15*$C15," ") | Q15: 0 | R15: =IF(Q15>0,Q15*$C15," ") | S15: 0 | T15: =IF(S15>0,S15*$C15," ") | U15: 0 | V15: =IF(U15>0,U15*$C15," ") | W15: =E15+G15+I15+K15+M15+O15+Q15+S15+U15 -> 1
A16: 4 | B16: =VLOOKUP(A16,ORÇAMENTO!$A$2:$M$448,2,FALSE()) -> FUNDAÇÃO E INFRAESTRUTURA | C16: =VLOOKUP(A16,ORÇAMENTO!$A$2:$M$448,13,FALSE()) -> 0 | D16: =C16/$C$37 -> #DIV/0! | E16: 0.25 | F16: =IF(E16>0,E16*$C16," ") -> 0 | G16: 0.25 | H16: =IF(G16>0,G16*$C16," ") -> 0 | I16: 0.5 | J16: =IF(I16>0,I16*$C16," ") -> 0 | K16: 0 | L16: =IF(K16>0,K16*$C16," ") | M16: 0 | N16: =IF(M16>0,M16*$C16," ") | O16: 0 | P16: =IF(O16>0,O16*$C16," ") | Q16: 0 | R16: =IF(Q16>0,Q16*$C16," ") | S16: 0 | T16: =IF(S16>0,S16*$C16," ") | U16: 0 | V16: =IF(U16>0,U16*$C16," ") | W16: =E16+G16+I16+K16+M16+O16+Q16+S16+U16 -> 1
A17: 5 | B17: =VLOOKUP(A17,ORÇAMENTO!$A$2:$M$448,2,FALSE()) -> SUPERESTRUTURA | C17: =VLOOKUP(A17,ORÇAMENTO!$A$2:$M$448,13,FALSE()) -> 0 | D17: =C17/$C$37 -> #DIV/0! | E17: 0 | F17: =IF(E17>0,E17*$C17," ") | G17: 0.2 | H17: =IF(G17>0,G17*$C17," ") -> 0 | I17: 0.15 | J17: =IF(I17>0,I17*$C17," ") -> 0 | K17: 0.15 | L17: =IF(K17>0,K17*$C17," ") -> 0 | M17: 0.2 | N17: =IF(M17>0,M17*$C17," ") -> 0 | O17: 0.2 | P17: =IF(O17>0,O17*$C17," ") -> 0 | Q17: 0.1 | R17: =IF(Q17>0,Q17*$C17," ") -> 0 | S17: 0 | T17: =IF(S17>0,S17*$C17," ") | U17: 0 | V17: =IF(U17>0,U17*$C17," ") | W17: =E17+G17+I17+K17+M17+O17+Q17+S17+U17 -> 1
A18: 6 | B18: =VLOOKUP(A18,ORÇAMENTO!$A$2:$M$448,2,FALSE()) -> COBERTURA E ÁGUAS PLUVIAIS | C18: =VLOOKUP(A18,ORÇAMENTO!$A$2:$M$448,13,FALSE()) -> 0 | D18: =C18/$C$37 -> #DIV/0! | E18: 0 | F18: =IF(E18>0,E18*$C18," ") | G18: 0 | H18: =IF(G18>0,G18*$C18," ") | I18: 0.1 | J18: =IF(I18>0,I18*$C18," ") -> 0 | K18: 0.2 | L18: =IF(K18>0,K18*$C18," ") -> 0 | M18: 0.5 | N18: =IF(M18>0,M18*$C18," ") -> 0 | O18: 0.2 | P18: =IF(O18>0,O18*$C18," ") -> 0 | Q18: 0 | R18: =IF(Q18>0,Q18*$C18," ") | S18: 0 | T18: =IF(S18>0,S18*$C18," ") | U18: 0 | V18: =IF(U18>0,U18*$C18," ") | W18: =E18+G18+I18+K18+M18+O18+Q18+S18+U18 -> 1
A19: 7 | B19: =VLOOKUP(A19,ORÇAMENTO!$A$2:$M$448,2,FALSE()) -> ALVENARIA E OUTRAS VEDAÇÕES | C19: =VLOOKUP(A19,ORÇAMENTO!$A$2:$M$448,13,FALSE()) -> 0 | D19: =C19/$C$37 -> #DIV/0! | E19: 0 | F19: =IF(E19>0,E19*$C19," ") | G19: 0.35 | H19: =IF(G19>0,G19*$C19," ") -> 0 | I19: 0.1 | J19: =IF(I19>0,I19*$C19," ") -> 0 | K19: 0.2 | L19: =IF(K19>0,K19*$C19," ") -> 0 | M19: 0.35 | N19: =IF(M19>0,M19*$C19," ") -> 0 | P19: =IF(O19>0,O19*$C19," ") | Q19: 0 | R19: =IF(Q19>0,Q19*$C19," ") | S19: 0 | T19: =IF(S19>0,S19*$C19," ") | U19: 0 | V19: =IF(U19>0,U19*$C19," ") | W19: =E19+G19+I19+K19+M19+O19+Q19+S19+U19 -> 1
A20: 8 | B20: =VLOOKUP(A20,ORÇAMENTO!$A$2:$M$448,2,FALSE()) -> INSTALAÇÕES HIDROSSANITÁRIAS | C20: =VLOOKUP(A20,ORÇAMENTO!$A$2:$M$448,13,FALSE()) -> 0 | D20: =C20/$C$37 -> #DIV/0! | E20: 0 | F20: =IF(E20>0,E20*$C20," ") | G20: 0.15 | H20: =IF(G20>0,G20*$C20," ") -> 0 | I20: 0.15 | J20: =IF(I20>0,I20*$C20," ") -> 0 | K20: 0.3 | L20: =IF(K20>0,K20*$C20," ") -> 0 | M20: 0.4 | N20: =IF(M20>0,M20*$C20," ") -> 0 | O20: 0 | P20: =IF(O20>0,O20*$C20," ") | Q20: 0 | R20: =IF(Q20>0,Q20*$C20," ") | S20: 0 | T20: =IF(S20>0,S20*$C20," ") | U20: 0 | V20: =IF(U20>0,U20*$C20," ") | W20: =E20+G20+I20+K20+M20+O20+Q20+S20+U20 -> 1
A21: 9 | B21: =VLOOKUP(A21,ORÇAMENTO!$A$2:$M$448,2,FALSE()) -> SISTEMA PLUVIAL | C21: =VLOOKUP(A21,ORÇAMENTO!$A$2:$M$448,13,FALSE()) -> 0 | D21: =C21/$C$37 -> #DIV/0! | E21: 0 | F21: =IF(E21>0,E21*$C21," ") | G21: 0 | H21: =IF(G21>0,G21*$C21," ") | I21: 0 | J21: =IF(I21>0,I21*$C21," ") | K21: 0 | L21: =IF(K21>0,K21*$C21," ") | M21: 0 | N21: =IF(M21>0,M21*$C21," ") | O21: 0 | P21: =IF(O21>0,O21*$C21," ") | Q21: 0 | R21: =IF(Q21>0,Q21*$C21," ") | S21: 0.4 | T21: =IF(S21>0,S21*$C21," ") -> 0 | U21: 0.6 | V21: =IF(U21>0,U21*$C21," ") -> 0 | W21: =E21+G21+I21+K21+M21+O21+Q21+S21+U21 -> 1
A22: 10 | B22: =VLOOKUP(A22,ORÇAMENTO!$A$2:$M$448,2,FALSE()) -> INSTALAÇÕES ELÉTRICAS - BAIXA TENSÃO | C22: =VLOOKUP(A22,ORÇAMENTO!$A$2:$M$448,13,FALSE()) -> 0 | D22: =C22/$C$37 -> #DIV/0! | E22: 0 | F22: =IF(E22>0,E22*$C22," ") | G22: 0 | H22: =IF(G22>0,G22*$C22," ") | I22: 0.1 | J22: =IF(I22>0,I22*$C22," ") -> 0 | K22: 0.3 | L22: =IF(K22>0,K22*$C22," ") -> 0 | M22: 0.2 | N22: =IF(M22>0,M22*$C22," ") -> 0 | O22: 0.2 | P22: =IF(O22>0,O22*$C22," ") -> 0 | Q22: 0.1 | R22: =IF(Q22>0,Q22*$C22," ") -> 0 | S22: 0.1 | T22: =IF(S22>0,S22*$C22," ") -> 0 | U22: 0 | V22: =IF(U22>0,U22*$C22," ") | W22: =E22+G22+I22+K22+M22+O22+Q22+S22+U22 -> 1
A23: 11 | B23: =VLOOKUP(A23,ORÇAMENTO!$A$2:$M$448,2,FALSE()) -> INSTALAÇÕES REDE LÓGICA | C23: =VLOOKUP(A23,ORÇAMENTO!$A$2:$M$448,13,FALSE()) -> 0 | D23: =C23/$C$37 -> #DIV/0! | E23: 0 | F23: =IF(E23>0,E23*$C23," ") | G23: 0 | H23: =IF(G23>0,G23*$C23," ") | I23: 0 | J23: =IF(I23>0,I23*$C23," ") | K23: 0.3 | L23: =IF(K23>0,K23*$C23," ") -> 0 | M23: 0.2 | N23: =IF(M23>0,M23*$C23," ") -> 0 | O23: 0 | P23: =IF(O23>0,O23*$C23," ") | Q23: 0.3 | R23: =IF(Q23>0,Q23*$C23," ") -> 0 | S23: 0.2 | T23: =IF(S23>0,S23*$C23," ") -> 0 | U23: 0 | V23: =IF(U23>0,U23*$C23," ") | W23: =E23+G23+I23+K23+M23+O23+Q23+S23+U23 -> 1
A24: 12 | B24: =VLOOKUP(A24,ORÇAMENTO!$A$2:$M$448,2,FALSE()) -> SPDA - PÁRA-RAIO | C24: =VLOOKUP(A24,ORÇAMENTO!$A$2:$M$448,13,FALSE()) -> 0 | D24: =C24/$C$37 -> #DIV/0! | E24: 0 | F24: =IF(E24>0,E24*$C24," ") | G24: 0 | H24: =IF(G24>0,G24*$C24," ") | I24: 0 | J24: =IF(I24>0,I24*$C24," ") | K24: 0 | L24: =IF(K24>0,K24*$C24," ") | M24: 0 | N24: =IF(M24>0,M24*$C24," ") | O24: 0 | P24: =IF(O24>0,O24*$C24," ") | Q24: 0 | R24: =IF(Q24>0,Q24*$C24," ") | S24: 0.5 | T24: =IF(S24>0,S24*$C24," ") -> 0 | U24: 0.5 | V24: =IF(U24>0,U24*$C24," ") -> 0 | W24: =E24+G24+I24+K24+M24+O24+Q24+S24+U24 -> 1
A25: 13 | B25: =VLOOKUP(A25,ORÇAMENTO!$A$2:$M$448,2,FALSE()) -> PREVENÇÃO DE INCÊNDIO | C25: =VLOOKUP(A25,ORÇAMENTO!$A$2:$M$448,13,FALSE()) -> 0 | D25: =C25/$C$37 -> #DIV/0! | E25: 0 | F25: =IF(E25>0,E25*$C25," ") | G25: 0 | H25: =IF(G25>0,G25*$C25," ") | I25: 0 | J25: =IF(I25>0,I25*$C25," ") | K25: 0 | L25: =IF(K25>0,K25*$C25," ") | M25: 0 | N25: =IF(M25>0,M25*$C25," ") | O25: 0 | P25: =IF(O25>0,O25*$C25," ") | Q25: 0.3 | R25: =IF(Q25>0,Q25*$C25," ") -> 0 | S25: 0.7 | T25: =IF(S25>0,S25*$C25," ") -> 0 | U25: 0 | V25: =IF(U25>0,U25*$C25," ") | W25: =E25+G25+I25+K25+M25+O25+Q25+S25+U25 -> 1
A26: 14 | B26: =VLOOKUP(A26,ORÇAMENTO!$A$2:$M$448,2,FALSE()) -> ESQUADRIAS | C26: =VLOOKUP(A26,ORÇAMENTO!$A$2:$M$448,13,FALSE()) -> 0 | D26: =C26/$C$37 -> #DIV/0! | E26: 0 | F26: =IF(E26>0,E26*$C26," ") | G26: 0 | H26: =IF(G26>0,G26*$C26," ") | I26: 0 | J26: =IF(I26>0,I26*$C26," ") | K26: 0.05 | L26: =IF(K26>0,K26*$C26," ") -> 0 | M26: 0.15 | N26: =IF(M26>0,M26*$C26," ") -> 0 | O26: 0.3 | P26: =IF(O26>0,O26*$C26," ") -> 0 | Q26: 0.3 | R26: =IF(Q26>0,Q26*$C26," ") -> 0 | S26: 0.1 | T26: =IF(S26>0,S26*$C26," ") -> 0 | U26: 0.1 | V26: =IF(U26>0,U26*$C26," ") -> 0 | W26: =E26+G26+I26+K26+M26+O26+Q26+S26+U26 -> 1
A27: 15 | B27: =VLOOKUP(A27,ORÇAMENTO!$A$2:$M$448,2,FALSE()) -> REVESTIMENTOS | C27: =VLOOKUP(A27,ORÇAMENTO!$A$2:$M$448,13,FALSE()) -> 0 | D27: =C27/$C$37 -> #DIV/0! | E27: 0 | F27: =IF(E27>0,E27*$C27," ") | G27: 0 | H27: =IF(G27>0,G27*$C27," ") | I27: 0 | J27: =IF(I27>0,I27*$C27," ") | K27: 0.25 | L27: =IF(K27>0,K27*$C27," ") -> 0 | M27: 0.35 | N27: =IF(M27>0,M27*$C27," ") -> 0 | O27: 0.4 | P27: =IF(O27>0,O27*$C27," ") -> 0 | Q27: 0 | R27: =IF(Q27>0,Q27*$C27," ") | S27: 0 | T27: =IF(S27>0,S27*$C27," ") | U27: 0 | V27: =IF(U27>0,U27*$C27," ") | W27: =E27+G27+I27+K27+M27+O27+Q27+S27+U27 -> 1
A28: 16 | B28: =VLOOKUP(A28,ORÇAMENTO!$A$2:$M$448,2,FALSE()) -> PISOS | C28: =VLOOKUP(A28,ORÇAMENTO!$A$2:$M$448,13,FALSE()) -> 0 | D28: =C28/$C$37 -> #DIV/0! | E28: 0 | F28: =IF(E28>0,E28*$C28," ") | G28: 0 | H28: =IF(G28>0,G28*$C28," ") | I28: 0 | J28: =IF(I28>0,I28*$C28," ") | K28: 0.25 | L28: =IF(K28>0,K28*$C28," ") -> 0 | M28: 0.35 | N28: =IF(M28>0,M28*$C28," ") -> 0 | O28: 0.4 | P28: =IF(O28>0,O28*$C28," ") -> 0 | Q28: 0 | R28: =IF(Q28>0,Q28*$C28," ") | S28: 0 | T28: =IF(S28>0,S28*$C28," ") | U28: 0 | V28: =IF(U28>0,U28*$C28," ") | W28: =E28+G28+I28+K28+M28+O28+Q28+S28+U28 -> 1
A29: 17 | B29: =VLOOKUP(A29,ORÇAMENTO!$A$2:$M$448,2,FALSE()) -> FORRO E ACABAMENTOS | C29: =VLOOKUP(A29,ORÇAMENTO!$A$2:$M$448,13,FALSE()) -> 0 | D29: =C29/$C$37 -> #DIV/0! | E29: 0 | F29: =IF(E29>0,E29*$C29," ") | G29: 0 | H29: =IF(G29>0,G29*$C29," ") | I29: 0 | J29: =IF(I29>0,I29*$C29," ") | K29: 0 | L29: =IF(K29>0,K29*$C29," ") | M29: 0 | N29: =IF(M29>0,M29*$C29," ") | O29: 0 | P29: =IF(O29>0,O29*$C29," ") | Q29: 0.2 | R29: =IF(Q29>0,Q29*$C29," ") -> 0 | S29: 0.4 | T29: =IF(S29>0,S29*$C29," ") -> 0 | U29: 0.4 | V29: =IF(U29>0,U29*$C29," ") -> 0 | W29: =E29+G29+I29+K29+M29+O29+Q29+S29+U29 -> 1
A30: 18 | B30: =VLOOKUP(A30,ORÇAMENTO!$A$2:$M$448,2,FALSE()) -> ENTORNO E PAISAGISMO | C30: =VLOOKUP(A30,ORÇAMENTO!$A$2:$M$448,13,FALSE()) -> 0 | D30: =C30/$C$37 -> #DIV/0! | E30: 0 | F30: =IF(E30>0,E30*$C30," ") | G30: 0 | H30: =IF(G30>0,G30*$C30," ") | I30: 0 | J30: =IF(I30>0,I30*$C30," ") | K30: 0 | L30: =IF(K30>0,K30*$C30," ") | M30: 0 | N30: =IF(M30>0,M30*$C30," ") | O30: 0 | P30: =IF(O30>0,O30*$C30," ") | Q30: 0 | R30: =IF(Q30>0,Q30*$C30," ") | S30: 0.4 | T30: =IF(S30>0,S30*$C30," ") -> 0 | U30: 0.6 | V30: =IF(U30>0,U30*$C30," ") -> 0 | W30: =E30+G30+I30+K30+M30+O30+Q30+S30+U30 -> 1
A31: 19 | B31: =VLOOKUP(A31,ORÇAMENTO!$A$2:$M$448,2,FALSE()) -> PINTURAS | C31: =VLOOKUP(A31,ORÇAMENTO!$A$2:$M$448,13,FALSE()) -> 0 | D31: =C31/$C$37 -> #DIV/0! | E31: 0 | F31: =IF(E31>0,E31*$C31," ") | G31: 0 | H31: =IF(G31>0,G31*$C31," ") | I31: 0 | J31: =IF(I31>0,I31*$C31," ") | K31: 0 | L31: =IF(K31>0,K31*$C31," ") | M31: 0 | N31: =IF(M31>0,M31*$C31," ") | O31: 0 | P31: =IF(O31>0,O31*$C31," ") | Q31: 0.6 | R31: =IF(Q31>0,Q31*$C31," ") -> 0 | S31: 0.1 | T31: =IF(S31>0,S31*$C31," ") -> 0 | U31: 0.3 | V31: =IF(U31>0,U31*$C31," ") -> 0 | W31: =E31+G31+I31+K31+M31+O31+Q31+S31+U31 -> 1
A32: 20 | B32: =VLOOKUP(A32,ORÇAMENTO!$A$2:$M$448,2,FALSE()) -> LOUÇAS E ACESSÓRIOS | C32: =VLOOKUP(A32,ORÇAMENTO!$A$2:$M$448,13,FALSE()) -> 0 | D32: =C32/$C$37 -> #DIV/0! | E32: 0 | F32: =IF(E32>0,E32*$C32," ") | G32: 0 | H32: =IF(G32>0,G32*$C32," ") | I32: 0 | J32: =IF(I32>0,I32*$C32," ") | K32: 0 | L32: =IF(K32>0,K32*$C32," ") | M32: 0 | N32: =IF(M32>0,M32*$C32," ") | O32: 0 | P32: =IF(O32>0,O32*$C32," ") | Q32: 0 | R32: =IF(Q32>0,Q32*$C32," ") | S32: 0.4 | T32: =IF(S32>0,S32*$C32," ") -> 0 | U32: 0.6 | V32: =IF(U32>0,U32*$C32," ") -> 0 | W32: =E32+G32+I32+K32+M32+O32+Q32+S32+U32 -> 1
A33: 21 | B33: =VLOOKUP(A33,ORÇAMENTO!$A$2:$M$448,2,FALSE()) -> ESCADA DE ACESSO AO BLOCO G | C33: =VLOOKUP(A33,ORÇAMENTO!$A$2:$M$448,13,FALSE()) -> 0 | D33: =C33/$C$37 -> #DIV/0! | E33: 0 | F33: =IF(E33>0,E33*$C33," ") | G33: 0 | H33: =IF(G33>0,G33*$C33," ") | I33: 0 | J33: =IF(I33>0,I33*$C33," ") | K33: 0 | L33: =IF(K33>0,K33*$C33," ") | M33: 0 | N33: =IF(M33>0,M33*$C33," ") | O33: 0 | P33: =IF(O33>0,O33*$C33," ") | R33: =IF(Q33>0,Q33*$C33," ") | S33: 0.5 | T33: =IF(S33>0,S33*$C33," ") -> 0 | U33: 0.5 | V33: =IF(U33>0,U33*$C33," ") -> 0 | W33: =E33+G33+I33+K33+M33+O33+Q33+S33+U33 -> 1
A34: 22 | B34: =VLOOKUP(A34,ORÇAMENTO!$A$2:$M$448,2,FALSE()) -> ACESSIBILIDADE | C34: =VLOOKUP(A34,ORÇAMENTO!$A$2:$M$448,13,FALSE()) -> 0 | D34: =C34/$C$37 -> #DIV/0! | E34: 0 | F34: =IF(E34>0,E34*$C34," ") | G34: 0 | H34: =IF(G34>0,G34*$C34," ") | I34: 0 | J34: =IF(I34>0,I34*$C34," ") | K34: 0 | L34: =IF(K34>0,K34*$C34," ") | M34: 0 | N34: =IF(M34>0,M34*$C34," ") | O34: 0 | P34: =IF(O34>0,O34*$C34," ") | Q34: 0 | R34: =IF(Q34>0,Q34*$C34," ") | S34: 0.4 | T34: =IF(S34>0,S34*$C34," ") -> 0 | U34: 0.6 | V34: =IF(U34>0,U34*$C34," ") -> 0 | W34: =E34+G34+I34+K34+M34+O34+Q34+S34+U34 -> 1
A35: 23 | B35: =VLOOKUP(A35,ORÇAMENTO!$A$2:$M$448,2,FALSE()) -> COMUNICAÇÃO VISUAL | C35: =VLOOKUP(A35,ORÇAMENTO!$A$2:$M$448,13,FALSE()) -> 0 | D35: =C35/$C$37 -> #DIV/0! | E35: 0 | F35: =IF(E35>0,E35*$C35," ") | G35: 0 | H35: =IF(G35>0,G35*$C35," ") | I35: 0 | J35: =IF(I35>0,I35*$C35," ") | K35: 0 | L35: =IF(K35>0,K35*$C35," ") | M35: 0 | N35: =IF(M35>0,M35*$C35," ") | O35: 0 | P35: =IF(O35>0,O35*$C35," ") | Q35: 0 | R35: =IF(Q35>0,Q35*$C35," ") | S35: 0.5 | T35: =IF(S35>0,S35*$C35," ") -> 0 | U35: 0.5 | V35: =IF(U35>0,U35*$C35," ") -> 0 | W35: =E35+G35+I35+K35+M35+O35+Q35+S35+U35 -> 1
A36: 24 | B36: =VLOOKUP(A36,ORÇAMENTO!$A$2:$M$448,2,FALSE()) -> FINALIZAÇÕES | C36: =VLOOKUP(A36,ORÇAMENTO!$A$2:$M$448,13,FALSE()) -> 0 | D36: =C36/$C$37 -> #DIV/0! | E36: 0 | F36: =IF(E36>0,E36*$C36," ") | G36: 0 | H36: =IF(G36>0,G36*$C36," ") | I36: 0 | J36: =IF(I36>0,I36*$C36," ") | K36: 0 | L36: =IF(K36>0,K36*$C36," ") | M36: 0.05 | N36: =IF(M36>0,M36*$C36," ") -> 0 | O36: 0.05 | P36: =IF(O36>0,O36*$C36," ") -> 0 | Q36: 0.05 | R36: =IF(Q36>0,Q36*$C36," ") -> 0 | S36: 0.25 | T36: =IF(S36>0,S36*$C36," ") -> 0 | U36: 0.6 | V36: =IF(U36>0,U36*$C36," ") -> 0 | W36: =E36+G36+I36+K36+M36+O36+Q36+S36+U36 -> 1
B37: TOTAL | C37: =SUM(C13:C36) -> 0 | D37: =C37/$C$37 -> #DIV/0! | F37: =IF(E37>0,E37*$C37," ") | H37: =IF(G37>0,G37*$C37," ") | J37: =IF(I37>0,I37*$C37," ") | L37: =IF(K37>0,K37*$C37," ") | N37: =IF(M37>0,M37*$C37," ") | P37: =IF(O37>0,O37*$C37," ") | R37: =IF(Q37>0,Q37*$C37," ") | T37: =IF(S37>0,S37*$C37," ") | V37: =IF(U37>0,U37*$C37," ")
B39: R$ parcial (valor período) | E39: =SUM(F13:F37) -> 0 | G39: =SUM(H13:H37) -> 0 | I39: =SUM(J13:J37) -> 0 | K39: =SUM(L13:L37) -> 0 | M39: =SUM(N13:N37) -> 0 | O39: =SUM(P13:P37) -> 0 | Q39: =SUM(R13:R37) -> 0 | S39: =SUM(T13:T37) -> 0 | U39: =SUM(V13:V37) -> 0
B40: %_parcial (período) | E40: =SUM(E39/$C$37) -> #DIV/0! | G40: =SUM(G39/$C$37) -> #DIV/0! | I40: =SUM(I39/$C$37) -> #DIV/0! | K40: =SUM(K39/$C$37) -> #DIV/0! | M40: =SUM(M39/$C$37) -> #DIV/0! | O40: =SUM(O39/$C$37) -> #DIV/0! | Q40: =SUM(Q39/$C$37) -> #DIV/0! | S40: =SUM(S39/$C$37) -> #DIV/0! | U40: =SUM(U39/$C$37) -> #DIV/0!
B41: R$_ acumulado | E41: =E39 -> 0 | G41: =E41+G39 -> 0 | I41: =G41+I39 -> 0 | K41: =I41+K39 -> 0 | M41: =K41+M39 -> 0 | O41: =M41+O39 -> 0 | Q41: =SUM(O41+Q39) -> 0 | S41: =Q41+S39 -> 0 | U41: =S41+U39 -> 0
B42: %_acumulado | E42: =E40 -> #DIV/0! | G42: =E42+G40 -> #DIV/0! | I42: =G42+I40 -> #DIV/0! | K42: =I42+K40 -> #DIV/0! | M42: =K42+M40 -> #DIV/0! | O42: =M42+O40 -> #DIV/0! | Q42: =O42+Q40 -> #DIV/0! | S42: =Q42+S40 -> #DIV/0! | U42: =S42+U40 -> #DIV/0!
A44: NOTAS:
A46: A. A ÚLTIMA PARCELA DEVE OBRIGATORIAMENTE SER MAIOR QUE 10%
A47: B. O PRAZO MÁXIMO PARA EXECUÇÃO É DE 09 MESES.

Sheet BDI
F3: UNIVERSIDADE ESTADUAL DO NORTE DO PARANÁ
F4: CNPJ: 08.885.100/0001-54
F5: OBRA : BLOCO ADMINISTRATIVO DO CCSEN
F6: Local: Campus de Cornélio Procópio - CCP
F7: Data do orçamento:SETEMBRO/2026
F8: SINAPI_Referência_2026_07_não desonerado
E10: RESPONSÁVEL TÉCNICO Henrique F. Ximenes de Andrade Bilbao Engenheiro Civil CREA PR 160.587/D | G10: RESPONSÁVEL TÉCNICO Amanda Alves da Silva Arquiteta e Urbanista CAU A145138-3 | I10: RESPONSÁVEL TÉCNICO Maicon Junior Hochscheidt Engenheiro Civil CREA/PR-189719/D
A11: COMPOSIÇÃO DO BDI
A12: CUSTO TOTAL DO SERVIÇO (R$)
A13: ITEM | B13: DISCRIMINAÇÃO | E13: VALOR | F13: TAXA (%) | G13: OBSERVAÇÃO | H13: SITUAÇÃO DO INTERVALO ADMISSÍVEL | I13: PARCELAS DO BDI (%)
I14: 1 QUARTIL | J14: MÉDIO | K14: 3 QUARTIL
A15: 1 | B15: AC – ADMINISTRAÇÃO CENTRAL | E15: - | F15: 0.04 | H15: =IF(AND(F15>=I15,F15<=K15),"OK","DIFERE") -> OK | I15: 0.03 | J15: 0.04 | K15: 0.055
A16: 2 | B16: SG – SEGUROS + GARANTIA | E16: - | F16: 0.008 | H16: =IF(AND(F16>=I16,F16<=K16),"OK","DIFERE") -> OK | I16: 0.008 | J16: 0.008 | K16: 0.01
A17: 3 | B17: R – RISCOS | E17: - | F17: 0.0127 | H17: =IF(AND(F17>=I17,F17<=K17),"OK","DIFERE") -> OK | I17: 0.0097 | J17: 0.0127 | K17: 0.0127
A18: 4 | B18: DF – DESPESAS FINANCEIRAS | E18: - | F18: 0.0123 | H18: =IF(AND(F18>=I18,F18<=K18),"OK","DIFERE") -> OK | I18: 0.0059 | J18: 0.0123 | K18: 0.0139
A19: 5 | B19: L – LUCRO BRUTO | E19: - | F19: 0.074 | H19: =IF(AND(F19>=I19,F19<=K19),"OK","DIFERE") -> OK | I19: 0.0616 | J19: 0.074 | K19: 0.0896
A20: 6 | B20: I – IMPOSTOS | E20: - | F20: =SUM(F21:F24) -> 0.0665 | G20: FÓRMULA DO BDI DE ACORDO COM ACÓRDÃO 2.369/2011-TCU- PLENÁRIO
A21: 43836 | B21: PIS | F21: 0.0065
A22: 43867 | B22: COFINS | F22: 0.03
A23: 43896 | B23: ISS (CONFORME LEGISLAÇÃO MUNICIPAL) | F23: 0.03
A24: 43927 | B24: CONTRIB. PREVIDÊNCIA SOBRE RECEITA BRUTA – CPRB | F24: 0
A26: TOTAL DO BDI (R$)
A27: PREÇO DE VENDA (R$) | G27: ONDE:
A28: BDI (%) | F28: =ROUND(((((1+(F15+F16+F17))*(1+F18)*(1+F19))/(1-F20))-1),4) -> 0.2354 | G28: AC : TAXA DE ADMINISTRAÇÃO CENTRAL
G29: S: TAXA DE SEGURO
A30: Parâmetros do Acórdão 2.622/2013 - Plenário | G30: G: TAXA DE GARANTIAS
A31: Sem CPRB | B31: 0.2034 | C31: 0.2212 | D31: 0.25 | G31: R: TAXA DE RISCOS
A32: Com CPRB | B32: 0.2601 | C32: 0.2787 | D32: 0.3089 | G32: DF: TAXA DE DESPESAS
G33: L: TAXA DE LUCRO
G34: I: TAXA DE INCIDÊNCIA DE IMPOSTOS (PIS, COFINS, ISS, CPRB)
A37: COMPOSIÇÃO DO BDI DIFERENCIADO
A38: CUSTO TOTAL DO SERVIÇO (R$)
A39: ITEM | B39: DISCRIMINAÇÃO | E39: VALOR | F39: TAXA (%) | G39: OBSERVAÇÃO | H39: SITUAÇÃO DO INTERVALO ADMISSÍVEL | I39: PARCELAS DO BDI (%)
I40: 1 QUARTIL | J40: MÉDIO | K40: 3 QUARTIL
A41: 1 | B41: AC – ADMINISTRAÇÃO CENTRAL | F41: 0.015 | H41: =IF(AND(F41>=I41,F41<=K41),"OK","DIFERE") -> OK | I41: 0.015 | J41: 0.0345 | K41: 0.0449
A42: 2 | B42: SG – SEGUROS + GARANTIA | F42: 0.003 | H42: =IF(AND(F42>=I42,F42<=K42),"OK","DIFERE") -> OK | I42: 0.003 | J42: 0.0048 | K42: 0.0082
A43: 3 | B43: R – RISCOS | F43: 0.0056 | H43: =IF(AND(F43>=I43,F43<=K43),"OK","DIFERE") -> OK | I43: 0.0056 | J43: 0.0085 | K43: 0.0089
A44: 4 | B44: DF – DESPESAS FINANCEIRAS | F44: 0.0085 | H44: =IF(AND(F44>=I44,F44<=K44),"OK","DIFERE") -> OK | I44: 0.0085 | J44: 0.0085 | K44: 0.0111
A45: 5 | B45: L – LUCRO BRUTO | F45: 0.0352 | H45: =IF(AND(F45>=I45,F45<=K45),"OK","DIFERE") -> OK | I45: 0.035 | J45: 0.0511 | K45: 0.0622
A46: 6 | B46: I – IMPOSTOS | F46: =SUM(F47:F50) -> 0.0365 | G46: FÓRMULA DO BDI DE ACORDO COM ACÓRDÃO 2.369/2011-TCU- PLENÁRIO
A47: 43836 | B47: PIS | F47: 0.0065
A48: 43867 | B48: COFINS | F48: 0.03
A49: 43896 | B49: ISS (CONFORME LEGISLAÇÃO MUNICIPAL) | F49: 0
A50: 43927 | B50: CONTRIB. PREVIDÊNCIA SOBRE RECEITA BRUTA – CPRB | F50: 0
A52: TOTAL DO BDI (R$)
A53: PREÇO DE VENDA (R$) | G53: ONDE:
A54: BDI (%) | F54: =ROUND((((1+(F41+F42+F43))*(1+F44)*(1+F45))/(1-F46))-1,4) -> 0.1091 | G54: AC : TAXA DE ADMINISTRAÇÃO CENTRAL
G55: S: TAXA DE SEGURO
A56: Parâmetros do Acórdão 2.622/2013 - Plenário | G56: G: TAXA DE GARANTIAS
A57: Sem CPRB | B57: 0.111 | C57: 0.1402 | D57: 0.168 | G57: R: TAXA DE RISCOS
A58: Com CPRB | B58: 0.1634 | C58: 0.1939 | D58: 0.223 | G58: DF: TAXA DE DESPESAS
G59: L: TAXA DE LUCRO
G60: I: TAXA DE INCIDÊNCIA DE IMPOSTOS (PIS, COFINS, ISS, CPRB)
A61: OBS: Para o BDI reduzido, considerou-se nulo o ISS e uma parcela reduzida para administração central e lucro para remunerar os custos inerentes às aquisições e armazenamento por parte da empresa contratada, por isso o valor da taxa de BDI é menor do que a que foi adotada para o restante do orçamento da obra.
